 Dungeon Crawl Stone Soup version 0.31-a0-981-geadf994542 (webtiles) character file.

Game seed: 3437590967583347128

1883160 EnegeticOcto the Transmogrifier (level 26, 136/136 HPs)
             Began as a Felid Chaos Knight on Oct 31, 2023.
             Was a Favourite Plaything of Xom.
             Escaped with the Orb
             ... and 3 runes!
             The game lasted 02:11:08 (54711 turns).

EnegeticOcto the Transmogrifier (FeCK)             Turns: 54711, Time: 02:11:08

Health: 136/136    AC: 31    Str:  5    XL:     26   Next: 32%
Magic:  35/35      EV: 51    Int: 18    God:    Xom [.*....]
Gold:   1391       SH:  0    Dex: 35    Spells: 24/46 levels left
                                        Lives:  2   Deaths: 4

rFire   + .          .
                       - Unarmed
rCold   + + +        (shield unavailable)
rNeg    + . .        (body armour unavailable)
rPois   ∞            (helmet unavailable)
rElec   +            (cloak unavailable)
rCorr   .            (gloves unavailable)
SInv    +            (boots unavailable)
Will    +++..        s - amulet of Suspicion {Faith rC+ Regen+ Stlth+}
Stlth   +++          R - ring of Inefaipe {rF+ rC++ Str+2 Int+3}
HPRegen 1.22/turn    O - +6 ring of dexterity
MPRegen 0.24/turn

%: faith
@: statue-form, studying Transmutations, very slow
A: slow and powerful, torment resistance 1, boosted hp, very small, claws 1,
fangs 3, see invisible, (speed 1), (shaggy fur 3), stealthy paws, no weapons or
thrown items, no armour, multi-lived, horns 1, (iridescent scales 2), agile 1,
cold resistance 2, frail 2, low MP 1, sense surroundings 1, screaming 2, weak 2,
inability to read after injury 1, devolution 1
0: Orb of Zot
}: 3/15 runes: barnacled, silver, gossamer
a: Begin Untransformation, Renounce Religion


You escaped.
You worshipped Xom.
You were a plaything of Xom.
You were a living statue of rough stone.
You visited 10 branches of the dungeon, and saw 50 of its levels.
You also visited: Trove and Wizlab.

You collected 6474 gold pieces.
You spent 5083 gold pieces at shops.

Inventory:

Hand Weapons
 J - a +0 club {Kill count: orc pack, troll, pikel, 2 ice beasts, mocassin, centaur, cyclops,}
   (You found it on level 7 of the Dungeon)
Jewellery
 p - a +4 ring of protection
   (You found it on level 3 of the Spider Nest)
 s - the amulet of Suspicion (around neck) {Faith rC+ Regen+ Stlth+}
   (You bought it in a shop on level 2 of the Orcish Mines)

   [amulet of faith]

   Faith:     It allows you to gain divine favour quickly.
   rC+:       It protects you from cold.
   Regen+:    It increases your rate of health regeneration.
   Stlth+:    It makes you more stealthy.
 A - the ring of Sin {rPois Will+ rCorr Dex+6}
   (You took it off a vault guard on level 5 of the Vaults)

   [ring of dexterity]

   Dex+6:     It affects your dexterity (+6).
   rPois:     It protects you from poison Will+: It increases your willpower.
   rCorr:     It protects you from acid and corrosion.
 B - a ring of willpower
   (You found it on level 4 of the Spider Nest)
 E - a ring of flight
   (You found it on level 3 of the Shoals)
 O - a +6 ring of dexterity (right paw)
   (You found it on level 12 of the Dungeon)
 R - the ring of Inefaipe (left paw) {rF+ rC++ Str+2 Int+3}
   (You took it off a deep elf pyromancer on level 3 of the Elven Halls)

   [ring of protection from fire]

   Str+2:     It affects your strength (+2).
   Int+3:     It affects your intelligence (+3).
   rF+:       It protects you from fire.
   rC++:      It greatly protects you from cold.
 S - the ring "Umitsor" {rF+ Stlth+}
   (You took it off a deep elf death mage on level 3 of the Elven Halls)

   [ring of protection from fire]

   rF+:       It protects you from fire.
   Stlth+:    It makes you more stealthy.
 U - the ring "Irphakhue" {AC+4 Dex+4 Slay-4}
   (You found it on level 4 of the Depths)

   [ring of protection]

   AC+4:      It affects your AC (+4).
   Dex+4:     It affects your dexterity (+4).
   Slay-4:    It affects your accuracy & damage with ranged weapons and melee
   (-4).
Talismans
 C - a granite talisman (active)
   (You found it on level 6 of the Dungeon)
Wands
 k - a wand of flame (81) {@v4}
   (You found it on level 3 of the Elven Halls)
 v - a wand of polymorph (32)
   (You found it on level 4 of the Dungeon)
 D - a wand of digging (24) {@v3}
   (You found it on level 6 of the Dungeon)
 F - a wand of roots (21) {@v2}
   (You bought it in a shop on level 2 of the Dungeon)
 L - a wand of charming (34)
   (Xom gifted it to you on level 7 of the Dungeon)
 M - a wand of quicksilver (27) {@v1}
   (You found it on level 8 of the Dungeon)
 P - a wand of mindburst (24)
   (You found it on level 9 of the Dungeon)
Scrolls
 a - a scroll of butterflies
 b - 3 scrolls of revelation {@r5 !r}
 f - 17 scrolls of teleportation {@r3 !r}
 g - 12 scrolls of immolation
 l - 9 scrolls of amnesia
 o - 8 scrolls of poison
 q - 9 scrolls of fog {!r}
 t - 3 scrolls of vulnerability
 y - 9 scrolls of blinking {@r4}
 z - 8 scrolls of summoning
 K - 3 scrolls of torment
 N - a scroll of silence {!r}
 T - 4 scrolls of fear {!r}
Potions
 c - 12 potions of curing {@q1 !q}
 d - 12 potions of enlightenment
 e - 6 potions of mutation
 h - 14 potions of brilliance
 i - 7 potions of lignification {@q6}
 j - 4 potions of cancellation
 m - 3 potions of heal wounds {@q2 !q}
 n - 13 potions of attraction
 r - 2 potions of invisibility
 u - 6 potions of might {@q3 !q}
 x - 12 potions of ambrosia
 G - 3 potions of berserk rage
 H - 4 potions of resistance
 I - 4 potions of haste {@q4 !q}
 Q - 8 potions of magic
Miscellaneous
 w - a lightning rod (4/4)
   (You found it on level 3 of the Crypt)
 V - a condenser vane
   (You found it on level 5 of the Vaults)
 W - a phial of floods
   (You found it on level 5 of the Vaults)
 X - a phantom mirror
   (You found it on level 5 of the Vaults)
 Y - a sack of spiders
   (You found it on level 5 of the Vaults)


   Skills:
 - Level 20.8 Fighting
 - Level 20.8 Dodging
 - Level 15.0 Stealth
 - Level 20.8 Unarmed Combat
 + Level 10.9 Spellcasting
 + Level 8.8 Conjurations
 - Level 14.0 Translocations
 - Level 20.9 Transmutations
 - Level 5.0 Air Magic
 - Level 5.0 Earth Magic
 + Level 14.3 Evocations
 - Level 20.0 Shapeshifting


You had 24 spell levels left.
You knew the following spells:

 Your Spells              Type           Power      Damage    Failure   Level
a - Apportation           Tloc           100%       N/A       1%          1
b - Manifold Assault      Tloc           57%        N/A       1%          4
c - Petrify               Tmut/Erth      54%        N/A       1%          4
d - Vhi's Electric Charg  Tloc/Air       88%        N/A       1%          4
p - Passwall              Tmut/Erth      45%        N/A       1%          2
z - Irradiate             Conj/Tmut      29%        3d21      1%          5
Y - Blink                 Tloc           100%       N/A       1%          2

Your spell library contained the following spells:

 Spells                   Type           Power      Damage    Failure   Level
 Kiss of Death            Conj/Necr      100%       2d13      1%          1
 Sandblast                Erth           54%        2d13      1%          1
 Shock                    Conj/Air       100%       1d9       1%          1
 Sting                    Tmut/Pois      100%       1d8       1%          1
 Static Discharge         Conj/Air       68%        3-6/arc   1%          2
 Ignite Poison            Fire/Tmut/Pois 34%        N/A       1%          3
 Stone Arrow              Conj/Erth      68%        3d11      1%          3
 Passage of Golubria      Tloc           57%        N/A       1%          4
 Swiftness                Air            27%        N/A       2%          3
 Yara's Violent Unravell  Hex/Tmut       23%        3d10      2%          5
 Dazzling Flash           Conj/Hex       50%        N/A       3%          3
 Hailstorm                Conj/Ice       25%        3d7       3%          3
 Dispersal                Tloc           28%        N/A       3%          6
 Poisonous Vapours        Pois/Air       36%        N/A       4%          2
 Brom's Barrelling Bould  Conj/Erth      34%        2d5       4%          4
 Cigotuvi's Dreadful Rot  Necr/Pois/Air  30%        N/A       5%          2
 Iskenderun's Battlesphe  Conj           41%        2d9       5%          5
 Freeze                   Ice            36%        1d5       8%          1
 Necrotise                Necr           36%        1d5       8%          1
 Summon Small Mammal      Summ           36%        N/A       8%          1
 Airstrike                Air            13%        2d(2-18)  10%         4
 Ensorcelled Hibernation  Hex/Ice        18%        N/A       11%         2
 Jinxbite                 Hex            18%        N/A       11%         2
 Scorch                   Fire           18%        2d5       11%         2
 Flame Wave               Conj/Fire      25%        2d8       12%         4
 Sticky Flame             Conj/Fire      25%        2d5       12%         4
 Arcjolt                  Conj/Air       17%        1d27      12%         5
 Summon Forest            Summ/Tloc      17%        N/A       12%         5
 Eringya's Noxious Bog    Tmut/Pois      23%        4d6       16%         6
 Call Canine Familiar     Summ           9%         N/A       22%         3
 Confusing Touch          Hex            9%         N/A       22%         3
 Frozen Ramparts          Ice            18%        1d3       22%         3
 Inner Flame              Hex/Fire       9%         N/A       22%         3
 Ozocubu's Armour         Ice            9%         N/A       22%         3
 Sigil of Binding         Hex            9%         N/A       22%         3
 Tukima's Dance           Hex            9%         N/A       22%         3
 Leda's Liquefaction      Hex/Erth       9%         N/A       26%         4
 Summon Lightning Spire   Summ/Air       18%        N/A       26%         4
 Fireball                 Conj/Fire      12%        3d7       32%         5
 Bombard                  Conj/Erth      17%        9d3       54%         6
 Conjure Ball Lightning   Conj/Air       17%        3x3d6     54%         6
 Anguish                  Hex/Necr       4%         N/A       58%         4
 Animate Dead             Necr           9%         N/A       58%         4
 Cause Fear               Hex            4%         N/A       58%         4
 Dispel Undead            Necr           9%         3d8       58%         4
 Olgreb's Toxic Radiance  Pois           9%         N/A       58%         4
 Summon Ice Beast         Ice/Summ       9%         N/A       58%         4
 Borgnjor's Vile Clutch   Necr/Erth      9%         N/A       58%         5
 Silence                  Hex/Air        9%         N/A       58%         5
 Disjunction              Tloc           28%        N/A       83%         8
 Orb of Destruction       Conj           20%        9d8       86%         7
 Agony                    Necr           9%         N/A       90%         5
 Metabolic Englaciation   Hex/Ice        4%         N/A       90%         5
 Summon Mana Viper        Hex/Summ       9%         N/A       90%         5
 Plasma Beam              Fire/Air       9%         2x1d19    99%         6
 Death Channel            Necr           4%         N/A       100%        6
 Simulacrum               Ice/Necr       4%         N/A       100%        6
 Summon Cactus Giant      Summ           4%         N/A       100%        6
 Enfeeble                 Hex            4%         N/A       100%        7
 Haunt                    Necr/Summ      4%         N/A       100%        7
 Ozocubu's Refrigeration  Ice            4%         4d8       100%        7
 Spellforged Servitor     Conj/Summ      12%        N/A       100%        7
 Summon Hydra             Summ           4%         N/A       100%        7
 Borgnjor's Revivificati  Necr           4%         N/A       100%        8
 Discord                  Hex            4%         N/A       100%        8
 Ignition                 Fire           4%         3d4       100%        8
 Lehudib's Crystal Spear  Conj/Erth      17%        10d5      100%        8
 Chain Lightning          Conj/Air       17%        3d22      100%        9
 Death's Door             Necr           4%         N/A       100%        9
 Dragon's Call            Summ           4%         N/A       100%        9
 Fire Storm               Conj/Fire      12%        8d3       100%        9
 Shatter                  Erth           13%        3d14*     100%        9
 Dimensional Bullseye     Hex/Tloc       Unusable   N/A       N/A         4
 Sublimation of Blood     Necr           Unusable   N/A       N/A         2

Dungeon Overview and Level Annotations

Branches:
Dungeon (15/15)            Temple (0/1) D:7            Lair (5/5) D:11
 Shoals (4/4) Lair:3       Spider (4/4) Lair:2        Slime (0/5) Lair:4
    Orc (2/2) D:10            Elf (3/3) Orc:2        Vaults (5/5) D:13
  Crypt (3/3) Vaults:3       Tomb (0/3) Crypt:3      Depths (4/4) D:15
    Zot (5/5) Depths:4     WizLab (visited)

Altars:
Ashenzari
Fedhas
Gozag
Nemelex Xobeh
Qazlal
Ru
Sif Muna
Trog
Vehumet
Wu Jian
Xom
Yredelemnul
Zin
Jiyva

Shops:
D:1 (!   D:2 **!   D:4 ?   D:5 (   D:6 *   D:7 ([=:   D:12 *   D:13 :   D:15 :
Orc:2 [?!==   Elf:1 *   Elf:3 [=?   Vaults:1 :*!=[   Vaults:3 :   Vaults:4 !
Vaults:5 =   Depths:1 :=:   Depths:4 [

Portals:
Hell: Depths:1 Depths:2 Depths:3 Depths:4
Abyss: Depths:2 Depths:3 Depths:4
Pandemonium: Depths:2
Ziggurat: Depths:3

Annotations:
D:6 exclusion: door
Crypt:1 1 runed translucent door, exclusion: door, Soach's ghost, veteran DgEE
Zot:5 1 exclusion


Innate Abilities, Weirdness & Mutations

You are a living statue of rough stone.
Your actions are slow, but your melee attacks are powerful.
You are resistant to unholy torment.
Your maximum health is greatly increased.
You are immune to poison.
You have sharp claws.
You have razor-sharp teeth.
You have supernaturally acute eyesight. (SInv)
((You cover ground quickly. (Speed+)))
((Your thick and shaggy fur keeps you warm. (AC +3, rC+)))
Your paws help you pounce on unaware monsters.
You are incapable of wielding weapons or throwing items.
You cannot wear armour.
You gain extra lives every three experience levels.
You have a pair of small horns on your head.
((You are mostly covered in iridescent scales. (AC +4)))
You are agile. (Dex +4, Str/Int -1)
Your flesh is very cold resistant. (rC++)
You are very frail. (-20% HP)
Your magical capacity is low. (-10% MP)
You passively map a small area around you.
You frequently scream uncontrollably at your foes.
You are very weak. (Str -4)
You occasionally lose the ability to read scrolls when taking damage.
You have hidden genetic defects.


Message History

You eviscerate the green death!!! The green death gestures at you.
Casting: Manifold Assault (safe; 1% risk of failure)
Confirm with . or Enter, or press ? or * to list all spells.
Space momentarily warps into an impossible shape!
You barely miss the green death.
Casting: Manifold Assault (safe; 1% risk of failure)
Confirm with . or Enter, or press ? or * to list all spells.
Space momentarily warps into an impossible shape!
You eviscerate the green death!!!
You kill the green death!
(D) Dungeon (T) Temple (L) Lair (A) Shoals (N) Spider Nest (M) Slime Pits (O) Orcish Mines (E) Elven Halls (V) Vaults (C) Crypt (W) Tomb (U) Depths (H) Hell (Z) Zot
Where to? (Tab/Enter - D:1 @ (x,y), ? - help)
An Orb Guardian comes into view.
Unknown command.
Charge where?
Press: ? - help, Q - select action, (/) - cycle Dir - move target, f - Orb Guardian
Aim: an Orb Guardian (84% to hit)
You charge forward with an electric crackle!
You mangle the Orb Guardian and electrocute it!!
The Orb Guardian is moderately wounded.
You closely miss the Orb Guardian. You headbutt the Orb Guardian!
Your claw misses the Orb Guardian.
The Orb Guardian is moderately wounded.
The Orb Guardian completely misses you.
You scratch the Orb Guardian. You headbutt the Orb Guardian.
Your bite misses the Orb Guardian.
The Orb Guardian is heavily wounded.
The Orb Guardian completely misses you.
You mangle the Orb Guardian!! Your headbutt misses the Orb Guardian.
Your bite misses the Orb Guardian.
The Orb Guardian is almost dead.
The Orb Guardian completely misses you.
You closely miss the Orb Guardian. Your claw misses the Orb Guardian.
The Orb Guardian is almost dead.
The Orb Guardian misses you. The Orb Guardian completely misses you.
You mangle the Orb Guardian!!
You kill the Orb Guardian!
(D) Dungeon (T) Temple (L) Lair (A) Shoals (N) Spider Nest (M) Slime Pits (O) Orcish Mines (E) Elven Halls (V) Vaults (C) Crypt (W) Tomb (U) Depths (H) Hell (Z) Zot
Where to? (Tab/Enter - D:1 @ (x,y), ? - help)
You feel a genetic drift.
You occasionally lose the ability to read scrolls when taking damage.
There is a stone staircase leading up here.
You climb upwards.
There is a stone staircase leading down here.
There is a stone staircase leading up here.
You climb upwards.
There is a stone staircase leading down here.
Magic restored.
There is an open door here.
There is a stone staircase leading up here.
You climb upwards.
There is a stone staircase leading down here.
There is a stone staircase leading up here.
You climb upwards.
There is a stone staircase leading down here.
An orange demon comes into view.
The orange demon completely misses you.
Unknown command.
Charge where?
Press: ? - help, Q - select action, (/) - cycle Dir - move target, f - orange demon
Aim: an orange demon (94% to hit)
You charge forward with an electric crackle!
You mangle the orange demon and electrocute it!!
You bite the orange demon.
The orange demon is heavily wounded.
The orange demon misses you. The orange demon completely misses you.
You eviscerate the orange demon!!!
You kill the orange demon!
(D) Dungeon (T) Temple (L) Lair (A) Shoals (N) Spider Nest (M) Slime Pits (O) Orcish Mines (E) Elven Halls (V) Vaults (C) Crypt (W) Tomb (U) Depths (H) Hell (Z) Zot
Where to? (Tab/Enter - D:1 @ (x,y), ? - help) Magic restored.
There is an entrance to Tenas's Assorted Antiques here.
There is a stone staircase leading up here.
You climb upwards.
There is a stone staircase leading down here.
You see here a +0 whip.
Unknown command.
Unknown command.
The kobold shouts!
There is a dry fountain, spattered with blood here.
The kobold completely misses you. The kobold completely misses you. x2
The kobold completely misses you.
A large abomination comes into view.
There is a staircase leading out of the dungeon here.
You are a level 26 Felid Chaos Knight.
You are 32% of the way to level 27.
If you died right now, you'd get an extra life in 1.68 levels' worth of XP.
Play time: 02:11:00 (54710 turns).
You are forever immune to Zot's power.
The kobold completely misses you. x2
You have escaped!

#.#.......### #K#K#.#.#...#
#.#.......#.# #####
#.#.#.#.#.#.#########...#####
###............................
#>.................#####.#.#.#.
#.################.## ##.......
#.# #⌠...⌠#..###..#.#.#. #.#
#..8..##..#......... #.#
#..K..###.....#(#.#. #.#
#..>..# #........... #.#
#⌠.X.⌠####....#.#.#. #.#
######.###.......... #.#
########)####...##... #.#
#.§§.##.## ###.##### #.#
#§§§..#.# #..∩..# #.#
#§§≈...#########....#


You could see a large abomination and a kobold.

Vanquished Creatures
  2 dread liches
  5 ancient liches
  5 orbs of fire (Zot:5)
  2 juggernauts (Depths:2)
  Boris (Vaults:4)
  Sojobo (Vaults:2)
  Frederick (Vaults:4)
  3 Killer Klowns (Zot:5)
  Bai Suzhen (Shoals:4)
  3 curse toes
  Jory (Crypt:2)
  Nikola (Spider:4)
  2 caustic shrikes
  8 golden dragons
  Arachne (Spider:3)
  A shard shrike zombie (Crypt:3)
  An electric golem (Zot:5)
  A Tzitzimitl (Depths:4)
  14 Orb Guardians
  Jorgrun (Spider:1)
  A lich (Vaults:5)
  4 tentacled monstrosities
  Mlioglotl (Spider:1)
  A walking earthen tome (Depths:3)
  8 sphinxes
  2 walking divine tomes (Depths:2)
  10 titans
  3 death cobs
  3 deep elf blademasters
  2 deep elf master archers (Elf:3)
  A kraken (Shoals:1)
  4 quicksilver dragons
  5 ancient champions
  An Executioner (Depths:4)
  12 shadow dragons
  Gastronok (Lair:1)
  Aizul (Vaults:3)
  6 storm dragons
  9 tengu reavers
  2 revenants
  2 draconian monks (Depths:4)
  Donald (Elf:3)
  A fenstrider witch (Shoals:2)
  5 draconian knights
  10 fire giants
  3 iron dragons
  4 deep elf sorcerers
  3 emperor scorpions
  20 vault wardens
  Louise (Depths:2)
  9 frost giants
  10 ghost moths
  3 curse skulls (Crypt:3)
  An orc warlord (Vaults:1)
  3 draconian stormcallers
  3 draconian shifters
  A formless jellyfish (Vaults:1)
  23 ironbound preservers
  A spriggan defender (Depths:4)
  7 very ugly things
  2 draconian annihilators (Zot:3)
  9 ghouls
  A quicksilver ooze (D:14)
  17 stone giants
  4 war gargoyles
  A broodmother (shapeshifter) (Vaults:5)
  4 broodmothers (Spider:4)
  6 ironbound thunderhulks
  8 vampire knights
  5 black draconians
  12 dire elephants
  6 green draconians
  7 yellow draconians
  6 purple draconians
  7 deep elf demonologists
  A lorocyproca (Depths:2)
  2 deep elf annihilators
  8 spark wasps
  6 white draconians
  7 red draconians
  6 eidola
  5 merfolk impalers
  10 deep elf death magi
  10 ettins
  9 fire dragons
  A green death (D:6)
  Josephine (Spider:1)
  Snorg (Orc:2)
  8 entropy weavers
  5 jiangshi
  6 merfolk javelineers (Shoals:4)
  6 deep elf high priests
  11 yaktaur captains
  3 ice dragons
  6 great orbs of eyes
  38 vault guards
  A fenstrider witch zombie (Crypt:3)
  4 hydras
  14 ironbound frosthearts
  2 peacekeepers (Vaults:4)
  4 rakshasas
  A spriggan air mage (Depths:4)
  A jorogumo (Spider:3)
  3 merfolk avatars
  An ogre mage (Vaults:5)
  3 centaur warriors
  6 death knights
  An alligator (Spider:4)
  2 radroaches
  An anaconda (Shoals:4)
  26 dancing weapons
  3 alligator snapping turtles (Shoals:4)
  4 deep troll shamans
  A satyr (Shoals:3)
  8 deep troll earth magi
  5 tengu warriors
  A radroach (shapeshifter) (Vaults:5)
  4 boulder beetles
  4 merfolk aquamancers
  A sphinx skeleton (Crypt:2)
  6 demonic crawlers
  6 two-headed ogres
  6 spriggan berserkers
  3 soul eaters
  4 occultists
  17 deep elf knights
  7 vampire magi
  2 titan zombies
  18 hell knights
  Nergalle (D:12)
  25 skeletal warriors
  7 pharaoh ants
  4 shadow wraiths
  2 glowing orange brains
  7 skysharks
  4 iron trolls
  A sun moth (Spider:4)
  6 flayed ghosts
  56 deep trolls
  12 deep elf archers
  A golden dragon zombie (Crypt:1)
  3 bog bodies (Crypt:1)
  24 ironbound convokers
  2 glowing orange brains (shapeshifter) (Vaults:5)
  4 orb spiders
  10 arcanists
  6 necromancers
  5 steelbarb worms
  8 sea snakes
  9 harpies
  14 orc knights
  A large abomination (Elf:1)
  8 lindwurms
  30 deep elf pyromancers
  An iron dragon zombie (Crypt:3)
  11 phantasmal warriors
  A harpy (shapeshifter) (D:9)
  10 fauns
  An orc sorcerer (Elf:1)
  23 deep elf zephyrmancers
  18 ugly things
  25 wolf spiders
  11 manticores
  A moth of wrath (shapeshifter) (Vaults:5)
  5 cyclopes
  A toenail golem (D:10)
  15 moths of wrath
  A centaur zombie (Crypt:3)
  A salamander (Shoals:4)
  A naga zombie (Crypt:3)
  A guardian serpent (shapeshifter) (Depths:4)
  6 merfolk sirens
  2 eyes of devastation
  7 elephants
  6 torpor snails
  11 water nymphs
  A smoke demon (Depths:2)
  2 black mambas (Lair:4)
  17 vault sentinels
  Maggie (Lair:2)
  An orange demon (D:2)
  4 unseen horrors
  22 cane toads
  A green draconian zombie (Crypt:1)
  A gargoyle (D:12)
  A kobold demonologist (D:11)
  A sea snake zombie (Crypt:2)
  A naga skeleton (Crypt:3)
  A tormentor (Depths:2)
  An ice devil (Zot:2)
  7 rime drakes
  5 trolls
  A tengu conjurer (Depths:3)
  7 freezing wraiths
  37 yaktaurs
  A minotaur skeleton (Crypt:1)
  A redback zombie (Crypt:1)
  A white draconian skeleton (Crypt:1)
  13 komodo dragons
  A queen bee (Spider:3)
  6 meliai (Spider:3)
  9 wind drakes
  6 hornets
  3 polar bears
  30 merfolk
  A queen bee (shapeshifter) (Lair:3)
  A tyrant leech (D:11)
  19 blink frogs
  37 tarantellas
  2 glass eyes
  10 snapping turtles
  15 dream sheep
  2 flying skulls (Crypt:3)
  A spriggan (shapeshifter) (D:13)
  21 jumping spiders
  8 air elementals
  17 culicivoras
  30 yaks
  4 spriggans
  20 water elementals
  A fire dragon skeleton (Crypt:2)
  30 slime creatures
  2 vampires (WizLab)
  An ice dragon skeleton (Crypt:2)
  10 wyverns
  21 wraiths
  3 steam dragons
  19 humans (D:13)
  40 redbacks
  3 basilisks
  A slime creature zombie (Crypt:1)
  A basilisk (shapeshifter) (D:13)
  3 vampire mosquitoes (D:14)
  6 wargs
  Menkaure (D:6)
  4 two-headed ogre zombies (WizLab)
  2 acid dragons
  A deep troll skeleton (Crypt:3)
  A glowing shapeshifter zombie (Vaults:2)
  11 water moccasins
  A swamp drake (Orc:1)
  41 orc warriors
  2 ice beasts
  3 black bears
  2 sky beasts (D:11)
  A snapping turtle zombie (Crypt:1)
  6 ogres
  15 wolves
  10 centaurs
  A hog zombie (Crypt:2)
  3 elf zombies (Elf:1)
  A draconian zombie (Crypt:3)
  2 kobold brigands
  12 bullfrogs
  6 necrophages
  An earth elemental (Elf:3)
  2 gnoll sergeants
  A wyvern zombie (Crypt:3)
  5 scorpions
  10 wights
  4 jellies
  A warg skeleton (Crypt:2)
  A cyclops skeleton (Crypt:3)
  A human simulacrum (Vaults:2)
  10 troll zombies (WizLab)
  20 killer bees
  6 electric eels
  2 howler monkeys
  A polar bear skeleton (Crypt:2)
  3 hounds (D:5)
  13 orc priests
  A gnoll bouda (Lair:5)
  7 iguanas
  14 orc wizards
  A killer bee zombie (Crypt:3)
  5 ogre zombies (WizLab)
  A hound skeleton (Crypt:2)
  11 gnolls
  6 adders
  A steam dragon skeleton (Crypt:2)
  A shadow imp (D:4)
  A white imp (D:7)
  2 ufetubi (D:6)
  A lava snake skeleton (Crypt:2)
  5 worms
  2 dart slugs
  72 orcs
  5 ball pythons
  5 bats
  4 endoplasms
  4 giant cockroaches
  7 goblins
  6 hobgoblins
  6 jackals
  9 quokkas
  6 frilled lizards
  16 kobolds
  10 rats
  3 tentacles (Shoals:1)
1998 creatures vanquished.

Vanquished Creatures (collateral kills)
  2 dread liches (Crypt:3)
  Asterion (Elf:2)
  2 ghouls (Crypt:3)
  A draconian annihilator (Zot:3)
  A reaper (Crypt:3)
  An ironbound thunderhulk (Vaults:3)
  2 eidola (Crypt:3)
  A vault guard (Vaults:4)
  A death knight (Crypt:3)
  2 hell knights (Depths:3)
  3 skeletal warriors (Crypt:3)
  A sun moth (Spider:2)
  Pikel (D:7)
  An orb spider (Spider:4)
  A necromancer (Crypt:3)
  A deep elf pyromancer (Elf:2)
  2 deep elf zephyrmancers (Elf:2)
  A wolf spider (Spider:4)
  2 fauns (Shoals:3)
  An ugly thing (D:15)
  A cyclops (D:7)
  2 merfolk sirens
  A troll (D:7)
  A merfolk (Shoals:3)
  2 tarantellas
  A harpy skeleton (Crypt:3)
  An alligator snapping turtle simulacrum (Crypt:3)
  A water elemental (Shoals:4)
  A wraith (Crypt:3)
  A redback (Spider:1)
  A steam dragon (D:10)
  A water moccasin (D:7)
  2 orc warriors
  2 ice beasts (D:7)
  A black bear (D:7)
  An ogre (D:5)
  3 centaurs
  A lemure (D:7)
  A kobold brigand (D:7)
  An orc priest (D:7)
  An iguana (D:5)
  An orc wizard (D:7)
  A worm (D:5)
  4 orcs
  A ball python skeleton (Crypt:3)
  4 kobolds
66 creatures vanquished.

Vanquished Creatures (others)
  A golden dragon (Zot:3)
  A walking crystal tome (Depths:2)
  3 death cobs (Zot:5)
  An ironbound preserver (Vaults:5)
  A dancing weapon (Depths:2)
  3 deep elf knights (Elf:3)
  A water nymph (Shoals:4)
  A large abomination (Elf:1)
  A merfolk (Shoals:3)
  A water elemental (Shoals:4)
  An acid dragon (D:12)
  A sky beast (D:11)
  A killer bee (Spider:3)
  A kobold (D:10)
  7 tentacles (Shoals:1)
25 creatures vanquished.

Grand Total: 2089 creatures vanquished

Notes
Turn   | Place    | Note
-------+----------+-------------------------------------------
     0 | D:1      | EnegeticOcto the Felid Chaos Knight began the quest for the
                  | Orb.
     0 | D:1      | Reached XP level 1. HP: 10/10 MP: 2/2
    11 | D:1      | XOM: divination: magic mapping
    54 | D:1      | Reached skill level 1 in Stealth
   198 | D:1      | XOM: silly message
   372 | D:1      | Reached skill level 2 in Stealth
   385 | D:1      | Found Jaivvac's Distillery.
   410 | D:1      | Reached XP level 2. HP: 13/14 MP: 3/3
   438 | D:1      | Reached skill level 3 in Stealth
   653 | D:1      | Found Tuanu's Antique Weapon Emporium.
   972 | D:1      | Bought a potion of lignification for 30 gold pieces
  1011 | D:1      | Bought a potion of lignification for 30 gold pieces
  1100 | D:2      | Found Ticit's Assorted Antiques.
  1188 | D:2      | Reached XP level 3. HP: 17/17 MP: 4/4
  1584 | D:2      | Found Qorugu's Distillery.
  1594 | D:2      | Reached skill level 4 in Dodging
  2020 | D:2      | Found Tenas's Assorted Antiques.
  2039 | D:2      | Bought a bubbling red potion for 20 gold pieces
  2039 | D:2      | Bought a ruby potion for 20 gold pieces
  2048 | D:2      | Reached XP level 4. HP: 21/21 MP: 5/5
  2114 | D:3      | Noticed a centaur
  2170 | D:3      | XOM: divination: magic mapping
  2272 | D:3      | XOM: silly message
  2339 | D:3      | Found a broken altar of Ashenzari.
  2407 | D:3      | Found a blossoming altar of Fedhas.
  2465 | D:3      | Reached skill level 4 in Unarmed Combat
  2502 | D:3      | Found a faded altar of an unknown god.
  2552 | D:3      | Killed a centaur
  2553 | D:3      | Reached skill level 5 in Dodging
  2553 | D:3      | Reached skill level 1 in Shapeshifting
  2553 | D:3      | Reached XP level 5. HP: 21/24 MP: 6/6
  2626 | D:2      | Bought a green potion for 29 gold pieces
  2783 | D:2      | Bought a scroll labelled ISUINT LOLIE for 33 gold pieces
  2816 | D:3      | XOM is BORED!
  2816 | D:3      | XOM: silly message
  2844 | D:3      | XOM: silly message
  3174 | D:4      | XOM is BORED!
  3174 | D:4      | XOM: silly message
  3211 | D:4      | XOM: divination: detect creatures
  3217 | D:4      | XOM: butterfly on damage
  3219 | D:4      | Reached skill level 2 in Shapeshifting
  3219 | D:4      | Gained mutation: You are covered in thick fur. (AC +2)
                  | [Felid growth]
  3219 | D:4      | Reached XP level 6. HP: 13/28 MP: 7/7
  3416 | D:4      | XOM: 2-stop teleportation journey
  3663 | D:4      | XOM: scenery: 1 doors close
  3799 | D:4      | Found Ocriuf's Magic Scroll Shoppe.
  3808 | D:4      | Bought a scroll of blinking for 105 gold pieces
  3808 | D:4      | XOM: god gift: +2 flail of chaos
  3862 | D:4      | Found a sparkling altar of Nemelex Xobeh.
  4374 | D:4      | XOM is BORED!
  4374 | D:4      | XOM: summons 3 hostile shadow creatures
  4410 | D:5      | Entered Level 5 of the Dungeon
  4423 | D:5      | Learned a level 2 spell: Blink
  4478 | D:5      | XOM: divination: detect items
  4501 | D:5      | XOM: noise
  4521 | D:5      | Reached skill level 4 in Fighting
  4615 | D:5      | Reached skill level 5 in Unarmed Combat
  4645 | D:5      | Reached skill level 3 in Shapeshifting
  4645 | D:5      | Reached XP level 7. HP: 32/33 MP: 8/8
  4653 | D:5      | XOM: butterfly on damage
  4767 | D:5      | Found a basalt altar of Yredelemnul.
  4813 | D:5      | XOM: noise
  5080 | D:5      | XOM: cast spell 'Cause Fear'
  5126 | D:5      | XOM: 2-stop teleportation journey
  5130 | D:5      | XOM: silly message
  5162 | D:5      | XOM: draining
  5235 | D:5      | Found Pynuib's Antique Weapon Emporium.
  5246 | D:5      | Reached skill level 5 in Fighting
  5246 | D:5      | Reached skill level 4 in Shapeshifting
  5434 | D:5      | XOM: god gift: quarterstaff {god gift}
  5454 | D:4      | XOM: noise
  5464 | D:4      | XOM: confusion (+ monsters)
  5565 | D:3      | XOM: summons 1 hostile demon
  5694 | D:2      | XOM: stat loss: -1 Int (12/13)
  5805 | D:3      | Found a broken altar of Ashenzari.
  5847 | D:3      | XOM: 11-stop teleportation journey
  5851 | D:3      | Found a faded altar of an unknown god.
  6121 | D:3      | Found a blossoming altar of Fedhas.
  6239 | D:2      | Bought a potion of heal wounds for 60 gold pieces
  6389 | D:5      | XOM: torment (20/33 hp)
  6514 | D:6      | XOM: fog
  6515 | D:6      | XOM: 3-stop teleportation journey
  6519 | D:6      | Noticed Menkaure
  6519 | D:6      | XOM: 4-stop teleportation journey
  6524 | D:6      | Reached skill level 5 in Shapeshifting
  6534 | D:6      | Killed Menkaure
  6535 | D:6      | Reached XP level 8. HP: 15/37 MP: 9/9
  6563 | D:6      | Reached skill level 6 in Shapeshifting
  6646 | D:6      | XOM: draining
  6748 | D:6      | Found a glowing drain.
  6791 | D:6      | XOM: give mutations
  6791 | D:6      | Gained mutation: Your spells are a little easier to cast,
                  | but a little less powerful. [Xom's mischief]
  6791 | D:6      | Gained mutation: You occasionally shout uncontrollably at
                  | your foes. [Xom's mischief]
  6791 | D:6      | Gained mutation: Your muscles are strong. (Str +4, Int/Dex
                  | -1) [Xom's mischief]
  6791 | D:6      | Gained mutation: You have a pair of small antennae on your
                  | head. [Xom's mischief]
  6821 | D:6      | XOM: noise
  6860 | D:6      | XOM: polymorph ogre -> ogre
  6870 | D:6      | Reached skill level 4 in Stealth
  6870 | D:6      | XOM: summons friendly iron imp
  6883 | D:6      | XOM: scenery: summon butterflies
  6997 | D:6      | XOM is BORED!
  7009 | D:6      | XOM: god gift: potion of lignification
  7031 | D:6      | Reached skill level 7 in Shapeshifting
  7044 | D:6      | XOM: confuse monster(s)
  7079 | D:6      | XOM: butterfly on damage
  7105 | D:6      | Reached skill level 5 in Stealth
  7119 | D:6      | XOM: divination: detect items
  7164 | D:6      | Noticed a boulder beetle
  7421 | D:6      | Found Orphoconk's Assorted Antiques.
  7509 | D:2      | Bought a blackened copper wand for 132 gold pieces
  7560 | D:6      | XOM: scenery: summon butterflies
  7630 | D:6      | Reached skill level 8 in Shapeshifting
  7973 | D:7      | Found a staircase to the Ecumenical Temple.
  7980 | D:7      | Reached XP level 9. HP: 30/40 MP: 10/10
  7986 | D:7      | Reached skill level 9 in Shapeshifting
  8006 | D:7      | Noticed a cyclops
  8015 | D:7      | Killed a cyclops
  8016 | D:7      | Reached skill level 10 in Shapeshifting
  8037 | D:7      | Noticed a walking frostbound tome
  8039 | D:7      | Found Yruemahy's Book Shop.
  8042 | D:7      | Noticed a walking crystal tome
  8072 | D:7      | Found Yma Rea's Antique Weapon Shoppe.
  8099 | D:7      | Noticed a troll
  8101 | D:7      | Noticed Pikel
  8104 | D:7      | Killed a troll
  8105 | D:7      | Reached skill level 11 in Shapeshifting
  8111 | D:7      | Killed Pikel
  8120 | D:7      | Found Ziamohae's Jewellery Shop.
  8141 | D:7      | Found an opulent altar of Gozag.
  8207 | D:7      | Found Duhej's Antique Armour Shop.
  8447 | D:7      | XOM: god gift: wand of charming (5)
  8490 | D:8      | Identified the orb "Reqos" {*Rage, rElec rC+}
  8680 | D:8      | XOM: give mutations
  8680 | D:8      | Gained mutation: You expend magic power (3 MP) to
                  | strengthen your wands. [Xom's grace]
  8680 | D:8      | Gained mutation: You are partially covered in iridescent
                  | scales. (AC +2) [Xom's grace]
  8680 | D:8      | Gained mutation: You have a pair of antennae on your head.
                  | [Xom's grace]
  8699 | D:8      | Found a stormy altar of Qazlal.
  8816 | D:8      | Identified the ring "Dywuegh" {Fire Drain Int+6 SInv
                  | Stlth+}
  8869 | D:8      | Reached skill level 12 in Shapeshifting
  8932 | D:8      | XOM: 10-stop teleportation journey
  9039 | D:8      | Reached XP level 10. HP: 38/44 MP: 11/11
  9314 | D:9      | Found a sacrificial altar of Ru.
  9373 | D:9      | Found the +7 staff of the Meek {protect, meekguard}
  9454 | D:9      | XOM: stat loss: -1 Int (12/13)
  9478 | D:9      | a centaur changed into a glowing shapeshifter
  9478 | D:9      | Noticed a glowing shapeshifter (glowing shapeshifter)
  9478 | D:9      | XOM: polymorph centaur -> glowing shapeshifter
  9478 | D:9      | a glowing shapeshifter changed into a merfolk
  9479 | D:9      | XOM: noise
  9480 | D:9      | a merfolk changed into an eye of devastation
  9480 | D:9      | Noticed an eye of devastation (glowing shapeshifter)
  9482 | D:9      | an eye of devastation changed into a wolf spider
  9482 | D:9      | Noticed a wolf spider (glowing shapeshifter)
  9483 | D:9      | a wolf spider changed into a torpor snail
  9483 | D:9      | Noticed a torpor snail (glowing shapeshifter)
  9485 | D:9      | a torpor snail changed into an elephant
  9485 | D:9      | Noticed an elephant (glowing shapeshifter)
  9487 | D:9      | an elephant changed into a culicivora
  9488 | D:9      | a culicivora changed into a harpy
  9488 | D:9      | Noticed a harpy (glowing shapeshifter)
  9490 | D:9      | XOM: noise
  9493 | D:9      | Killed a harpy
  9508 | D:8      | XOM: torment (29/38 hp)
  9589 | D:9      | Noticed a two-headed ogre
  9599 | D:9      | Slain by a two-headed ogre
  9620 | D:9      | Found a bloodstained altar of Trog.
  9635 | D:9      | Reached skill level 6 in Fighting
  9680 | D:9      | XOM: summons 3 hostile shadow creatures
  9747 | D:9      | Found an ornate altar of the Wu Jian Council.
  9750 | D:9      | XOM: scenery: summon butterflies
  9756 | D:9      | XOM: noise
  9765 | D:9      | XOM: swap monsters
  9846 | D:10     | Entered Level 10 of the Dungeon
  9903 | D:10     | Reached skill level 13 in Shapeshifting
  9904 | D:10     | XOM: confusion (+ monsters)
  9911 | D:10     | XOM: chaos upgrade
  9918 | D:10     | Reached skill level 7 in Fighting
  9924 | D:10     | XOM: summons friendly iron imp
  9978 | D:10     | XOM: 2-stop teleportation journey
 10399 | D:10     | XOM: silly message
 10636 | D:10     | Found a staircase to the Orcish Mines.
 10678 | D:10     | Found a glowing silver altar of Zin.
 10707 | D:10     | Found a shimmering blue altar of Sif Muna.
 10749 | D:10     | XOM: silly message
 11200 | D:6      | Bought a bubbling red potion for 26 gold pieces
 11200 | D:6      | Bought a bubbling red potion for 26 gold pieces
 11200 | D:6      | Bought a ruby potion for 26 gold pieces
 11259 | D:4      | Bought a scroll of poison for 56 gold pieces
 11259 | D:4      | Bought a scroll of summoning for 133 gold pieces
 11259 | D:4      | Bought a scroll of teleportation for 42 gold pieces
 11259 | D:4      | Bought a scroll of identify for 28 gold pieces
 11259 | D:4      | Identified a scroll of acquirement
 11260 | D:4      | Acquired a manual of Shapeshifting
 11397 | D:11     | XOM: enchant monster (good)
 11410 | D:11     | Reached XP level 11. HP: 50/51 MP: 12/12
 11425 | D:11     | Reached skill level 8 in Fighting
 11451 | D:11     | Noticed a deep elf pyromancer
 11466 | D:11     | Reached skill level 1 in Evocations
 11467 | D:11     | a deep elf pyromancer changed into a manticore
 11467 | D:11     | XOM: polymorph deep elf pyromancer -> manticore
 11652 | D:11     | Noticed a boulder beetle
 11688 | D:11     | XOM: swap monsters
 11711 | D:11     | XOM: polymorph steam dragon -> wyvern
 11713 | D:11     | Reached skill level 6 in Unarmed Combat
 11713 | D:11     | Reached skill level 2 in Evocations
 11729 | D:11     | XOM: 2-stop teleportation journey
 11829 | D:11     | Reached skill level 14 in Shapeshifting
 11848 | D:11     | XOM: confusion
 11897 | D:11     | XOM: potion effect (curing)
 12051 | D:11     | a boulder beetle changed into a tyrant leech
 12052 | D:11     | Noticed a two-headed ogre
 12061 | D:11     | XOM: noise
 12068 | D:11     | Killed a two-headed ogre
 12069 | D:11     | Reached skill level 3 in Evocations
 12223 | D:11     | Found a staircase to the Lair.
 12367 | D:11     | XOM: summons 5 hostile demons
 12577 | D:2      | Bought a potion of berserk rage for 60 gold pieces
 12577 | D:2      | Bought a potion of might for 48 gold pieces
 12577 | D:2      | Bought a potion of heal wounds for 60 gold pieces
 12930 | D:12     | Found a portal to a secret trove of treasure.
 12934 | D:12     | Noticed Nergalle
 12943 | D:12     | XOM: draining
 12963 | D:12     | Killed Nergalle
 13143 | D:12     | Reached skill level 4 in Evocations
 13153 | D:12     | XOM: smoke on damage
 13183 | D:12     | Found a frozen archway.
 13192 | D:12     | Reached skill level 9 in Fighting
 13196 | D:12     | Reached skill level 7 in Unarmed Combat
 13208 | D:12     | XOM: fog
 13210 | D:12     | XOM: enchant monster (bad)
 13219 | D:12     | Noticed a boulder beetle
 13226 | D:12     | XOM: potion effect (invisibility)
 13234 | D:12     | Reached skill level 6 in Dodging
 13239 | D:12     | Killed a boulder beetle
 13240 | D:12     | Reached skill level 15 in Shapeshifting
 13312 | D:12     | Found Weis's Assorted Antiques.
 13676 | Lair:1   | Entered Level 1 of the Lair of Beasts
 13683 | Lair:1   | XOM: summons friendly crimson imp
 13694 | Lair:1   | XOM: cleaving
 13696 | Lair:1   | XOM: scenery: create altars
 13702 | Lair:1   | Gained mutation: Your thick and shaggy fur keeps you warm.
                  | (AC +3, rC+) [Felid growth]
 13702 | Lair:1   | Reached XP level 12. HP: 50/57 MP: 13/13
 13706 | Lair:1   | Reached skill level 7 in Dodging
 13894 | Lair:1   | Reached skill level 8 in Dodging
 13897 | Lair:1   | Reached skill level 8 in Unarmed Combat
 14038 | Lair:1   | XOM: summons friendly quasit
 14116 | Lair:1   | Reached skill level 10 in Fighting
 14116 | Lair:1   | Reached skill level 9 in Dodging
 14123 | Lair:1   | XOM: god gift: book of the Moon
 14135 | Lair:1   | XOM: 1-stop teleportation journey
 14186 | Lair:1   | Noticed Gastronok
 14191 | Lair:1   | XOM: destruction
 14200 | Lair:1   | Reached skill level 6 in Stealth
 14207 | Lair:1   | Killed Gastronok
 14212 | Lair:1   | Reached skill level 10 in Dodging
 14671 | Lair:2   | XOM: summons 1 hostile demon
 14830 | Lair:2   | Noticed Maggie
 14835 | Lair:2   | Found a hole to the Spider Nest.
 14835 | Lair:2   | XOM: 5-stop teleportation journey
 14885 | Lair:2   | XOM: noise
 14922 | Lair:2   | Reached skill level 7 in Stealth
 15142 | Lair:2   | XOM: 2-stop teleportation journey
 15221 | Lair:2   | XOM: cleaving
 15324 | Lair:2   | XOM: cast spell 'Summon Mana Viper'
 15330 | Lair:2   | Killed Maggie
 15331 | Lair:2   | Reached skill level 11 in Dodging
 15468 | Lair:2   | Reached skill level 9 in Unarmed Combat
 15759 | Lair:3   | Noticed an eight-headed hydra
 15768 | Lair:2   | XOM: cleaving
 15773 | Lair:2   | Killed an eight-headed hydra
 15883 | Lair:3   | XOM: polymorph electric eel -> shapeshifter
 15889 | Lair:3   | Reached XP level 13. HP: 61/61 MP: 14/14
 15897 | Lair:3   | Reached skill level 16 in Shapeshifting
 15945 | Lair:3   | Reached skill level 8 in Stealth
 15980 | Lair:3   | Found a staircase to the Shoals.
 16016 | Lair:3   | XOM: summons friendly iron imp
 16021 | Lair:3   | XOM: potion effect (attraction)
 16058 | Lair:3   | XOM: divination: magic mapping
 16063 | Lair:3   | Reached skill level 12 in Dodging
 16255 | Lair:3   | XOM: scenery: 2 fountains blood, 1 doors open
 16522 | Lair:3   | XOM: cloud trail
 16547 | Lair:3   | XOM is BORED!
 16547 | Lair:3   | XOM: summons 2 hostile shadow creatures
 16735 | Lair:4   | Found a viscous altar of Jiyva.
 16750 | Lair:4   | Reached skill level 9 in Stealth
 16797 | Lair:4   | Reached skill level 10 in Unarmed Combat
 16820 | Lair:4   | XOM: divination: detect items
 16832 | Lair:4   | XOM: confusion
 16887 | Lair:4   | Found a staircase to the Slime Pits.
 16887 | Lair:4   | XOM: 3-stop teleportation journey
 17466 | Lair:5   | Entered Level 5 of the Lair of Beasts
 17516 | Lair:5   | XOM: god gift: glowing flail {god gift}
 17559 | Lair:5   | XOM: god gift: staff of death
 17571 | Lair:5   | XOM: scenery: create altars
 17576 | Lair:5   | XOM: confuse monster(s)
 17587 | Lair:5   | Reached skill level 11 in Unarmed Combat
 17587 | Lair:5   | Reached skill level 1 in Translocations
 17589 | Lair:5   | Reached skill level 2 in Translocations
 17636 | Lair:5   | XOM: enchant monster (bad)
 17658 | Lair:5   | Reached skill level 3 in Translocations
 17745 | Lair:5   | XOM: swap monsters
 17747 | Lair:5   | Reached skill level 4 in Translocations
 17805 | Lair:5   | XOM: swap monsters
 17837 | Lair:5   | Reached skill level 5 in Translocations
 17863 | Lair:5   | XOM: summons 3 hostile demons
 17870 | Lair:5   | XOM: confuse monster(s)
 17876 | Lair:5   | Reached skill level 13 in Dodging
 17907 | Lair:5   | XOM: summons 3 hostile shadow creatures
 17912 | Lair:5   | XOM: polymorph komodo dragon -> death drake
 17918 | Lair:5   | XOM: silly message
 18070 | Lair:5   | XOM: potion effect (brilliance)
 18079 | Lair:5   | Reached skill level 6 in Translocations
 18131 | Lair:5   | XOM: 1-stop teleportation journey
 18296 | Lair:5   | XOM: silly message
 18307 | Lair:5   | XOM: potion effect (berserk rage)
 18313 | Lair:5   | Reached XP level 14. HP: 66/66 MP: 15/15
 18449 | Lair:5   | XOM: silly message
 18485 | Lair:5   | Reached skill level 12 in Unarmed Combat
 18485 | Lair:5   | Reached skill level 7 in Translocations
 18569 | Lair:5   | XOM: silly message
 19015 | Orc:1    | Entered Level 1 of the Orcish Mines
 19179 | Orc:2    | Entered Level 2 of the Orcish Mines
 19198 | Orc:2    | XOM: smoke on damage
 19203 | Orc:2    | Reached skill level 14 in Dodging
 19223 | Orc:2    | XOM: divination: detect items
 19227 | Orc:2    | Found a staircase to the Elven Halls.
 19359 | Orc:2    | XOM: silly message
 19530 | Orc:2    | XOM: smoke on damage
 19559 | Orc:2    | XOM: stat loss: -1 Str (11/12)
 19643 | Orc:2    | XOM: 3-stop teleportation journey
 19793 | Orc:2    | Noticed Snorg
 19810 | Orc:2    | Killed Snorg
 19814 | Orc:2    | XOM: cast spell 'Summon Hydra'
 19917 | Orc:2    | Found Hatuof's Distillery.
 19917 | Orc:2    | Found Huval's Jewellery Shoppe.
 19919 | Orc:2    | Found Dutsiwk's Jewellery Emporium.
 19921 | Orc:2    | Found Coushi's Magic Scroll Boutique.
 19962 | Orc:2    | Found Heschame's Antique Armour Emporium.
 20059 | Orc:1    | XOM: chaos cloud
 20064 | Orc:1    | XOM: polymorph orc priest -> swamp drake
 20393 | Orc:2    | Bought the amulet of Suspicion {Faith rC+ Regen+ Stlth+}
                  | for 908 gold pieces
 20413 | Orc:2    | Bought a potion of haste for 160 gold pieces
 20413 | Orc:2    | Bought a potion of curing for 48 gold pieces
 20563 | D:13     | XOM: blink monster(s)
 20847 | D:13     | XOM: 3-stop teleportation journey
 20860 | D:13     | XOM: summons 4 hostile demons
 20954 | D:13     | Reached skill level 15 in Dodging
 21031 | D:13     | Found Ypyecus's Book Shoppe.
 21074 | D:13     | XOM: butterfly on damage
 21207 | D:13     | XOM: enchant monster (bad)
 21209 | D:13     | Reached skill level 13 in Unarmed Combat
 21218 | D:13     | XOM: chaos upgrade
 21237 | D:13     | XOM: confusion
 21245 | D:13     | XOM: silly message
 21248 | D:13     | XOM: polymorph human -> unseen horror
 21251 | D:13     | Reached skill level 5 in Evocations
 21264 | D:13     | Found a gate to the Vaults.
 21426 | D:14     | XOM: silly message
 21431 | D:14     | XOM: confusion
 21438 | D:14     | a boulder beetle changed into a quicksilver ooze
 21438 | D:14     | Noticed a quicksilver ooze
 21438 | D:14     | XOM: polymorph boulder beetle -> quicksilver ooze
 21442 | D:14     | Killed a quicksilver ooze
 21616 | D:14     | XOM: stat loss: -1 Str (11/12)
 21643 | D:14     | XOM: 1-stop teleportation journey
 21657 | D:14     | XOM: confusion
 21673 | D:14     | XOM: torment (57/85 hp)
 21722 | D:14     | You fall into a shaft and drop 1 floor!
 21722 | D:15     | Entered Level 15 of the Dungeon
 21725 | D:15     | Found Dorah's Book Shop.
 21818 | D:15     | XOM: summons 12 friendly demons
 21936 | D:15     | XOM: divine lightning
 21940 | D:15     | XOM: stat loss: -1 Int (12/13)
 21959 | D:15     | XOM: chaos upgrade
 21966 | D:15     | XOM: blink monster(s)
 21973 | D:15     | Reached XP level 15. HP: 67/70 MP: 16/16
 22167 | D:14     | XOM: silly message
 22200 | D:14     | XOM: summons 8 hostile demons
 22216 | D:14     | XOM: torment (68/91 hp)
 22393 | D:15     | XOM: silly message
 22399 | D:15     | XOM: 5-stop teleportation journey
 22418 | D:15     | XOM: enchant monster (bad)
 22425 | D:15     | Reached skill level 6 in Evocations
 22426 | D:15     | Found a staircase to the Depths.
 22426 | D:15     | XOM: 7-stop teleportation journey
 22488 | D:15     | XOM: swap monsters
 22494 | D:15     | XOM: blink monster(s)
 22496 | D:15     | XOM: swap monsters
 22505 | D:15     | Reached skill level 17 in Shapeshifting
 22569 | D:15     | XOM: stat loss: -1 Str (11/12)
 22709 | D:15     | XOM: give mutations
 22709 | D:15     | Gained mutation: Your magical capacity is low. (-10% MP)
                  | [Xom's mischief]
 22709 | D:15     | Gained mutation: You are dopey. (Int -2) [Xom's mischief]
 22709 | D:15     | Gained mutation: You are occasionally teleported next to
                  | monsters. [Xom's mischief]
 22720 | D:15     | XOM: 2-stop teleportation journey
 22795 | D:15     | Reached skill level 11 in Fighting
 22914 | D:15     | XOM: polymorph brown ugly thing -> red ugly thing
 23220 | Lair:1   | XOM: draining
 23265 | Spider:1 | Entered Level 1 of the Spider Nest
 23265 | Spider:1 | Noticed Josephine
 23266 | Spider:1 | Killed Josephine
 23267 | Spider:1 | XOM: repel stairs
 23270 | Spider:1 | Noticed Jorgrun
 23272 | Spider:1 | Noticed Mlioglotl
 23276 | Spider:1 | Killed Jorgrun
 23277 | Spider:1 | Reached skill level 16 in Dodging
 23278 | Spider:1 | Killed Mlioglotl
 23281 | Spider:1 | Noticed an emperor scorpion
 23286 | Spider:1 | Reached skill level 1 in Air Magic
 23325 | Spider:1 | XOM: silly message
 23328 | Spider:1 | XOM: 2-stop teleportation journey
 23331 | Spider:1 | XOM: summons 3 hostile demons
 23437 | Spider:2 | XOM: silly message
 23497 | Spider:2 | XOM: noise
 23505 | Spider:2 | XOM: stat loss: -1 Str (11/12)
 23587 | Spider:2 | Reached skill level 7 in Evocations
 23750 | Spider:2 | XOM: enchant monster (bad)
 24033 | Spider:2 | XOM: god gift: 24 gold pieces
 24128 | Spider:2 | XOM: summons 2 hostile demons
 24194 | Spider:2 | XOM: scenery: create altars
 24199 | Spider:2 | XOM: 1-stop teleportation journey
 24227 | Spider:2 | Identified the "Roolucs" (Xom gifted it to you on level 2
                  | of the Spider Nest)
 24227 | Spider:2 | XOM: god gift: Xom's Papyrus of Dismay
 24245 | Spider:2 | XOM: divination: magic mapping
 24478 | Spider:1 | XOM: confuse monster(s)
 24482 | Spider:1 | Reached skill level 2 in Air Magic
 24491 | Spider:2 | XOM: summons 6 friendly demons
 24534 | Spider:2 | Reached skill level 8 in Translocations
 24545 | Spider:1 | XOM: scenery: create altars
 24559 | Spider:1 | XOM: scenery: summon butterflies
 24561 | Spider:2 | XOM: fog
 24696 | Spider:1 | Killed an emperor scorpion
 24708 | Spider:1 | XOM: polymorph broodmother -> ettin
 24719 | Spider:1 | XOM: enchant monster (good)
 24720 | Spider:1 | XOM: potion effect (berserk rage)
 24723 | Spider:1 | Reached skill level 14 in Unarmed Combat
 24725 | Spider:1 | XOM: 1-stop teleportation journey
 24729 | Spider:1 | XOM: potion effect (might)
 24730 | Spider:1 | XOM: enchant monster (bad)
 24739 | Spider:1 | XOM: swap monsters
 24740 | Spider:1 | XOM: swap monsters
 24748 | Spider:1 | XOM: give mutations
 24748 | Spider:1 | Lost mutation: You are partially covered in iridescent
                  | scales. (AC +2) [Xom's mischief]
 24748 | Spider:1 | Lost mutation: Your magical capacity is low. (-10% MP)
                  | [Xom's mischief]
 25121 | Spider:3 | Noticed Arachne
 25134 | Spider:3 | Reached skill level 3 in Air Magic
 25145 | Spider:3 | XOM: summons 2 friendly demons
 25154 | Spider:3 | Killed Arachne
 25164 | Spider:3 | XOM: blink monster(s)
 25171 | Spider:3 | Reached XP level 16. HP: 76/76 MP: 17/17
 25192 | Spider:3 | Reached skill level 9 in Translocations
 25212 | Spider:3 | XOM: give mutations
 25212 | Spider:3 | Gained mutation: You occasionally lose the ability to drink
                  | potions when taking damage. [Xom's mischief]
 25212 | Spider:3 | Gained mutation: Potions are less effective at restoring
                  | your health. [Xom's mischief]
 25215 | Spider:3 | XOM: enchant monster (bad)
 25217 | Spider:3 | Reached skill level 8 in Evocations
 25224 | Spider:3 | Reached skill level 18 in Shapeshifting
 25333 | Spider:3 | XOM: swap monsters
 25337 | Spider:3 | HP: 3/98 [demonic crawler (7)]
 25338 | Spider:3 | Killed from afar by a meliai
 25395 | Spider:3 | XOM: summons 2 hostile shadow creatures
 25424 | Spider:3 | XOM: blink monster(s)
 25452 | Spider:3 | XOM: potion effect (invisibility)
 25478 | Spider:3 | XOM: destruction
 25506 | Spider:3 | XOM: fake destruction
 25576 | Spider:3 | XOM: enchant monster (good)
 25590 | Spider:3 | Learned a level 4 spell: Manifold Assault
 25595 | Spider:3 | Learned a level 4 spell: Vhi's Electric Charge
 25666 | Spider:3 | XOM: 2-stop teleportation journey
 25946 | Spider:3 | Reached skill level 17 in Dodging
 26007 | Spider:3 | XOM: give mutation
 26007 | Spider:3 | Lost mutation: Potions are less effective at restoring your
                  | health. [Xom's mischief]
 26128 | Spider:3 | Reached skill level 12 in Fighting
 26128 | Spider:3 | Reached skill level 4 in Air Magic
 26307 | Spider:4 | Entered Level 4 of the Spider Nest
 26307 | Spider:4 | Noticed Nikola
 26309 | Spider:4 | Killed Nikola
 26313 | Spider:4 | XOM: enchant monster (bad)
 26352 | Spider:4 | XOM: confuse monster(s)
 26391 | Spider:4 | Reached skill level 10 in Translocations
 26547 | Spider:4 | XOM: summons friendly white imp
 26551 | Spider:4 | XOM: fog
 26570 | Spider:4 | XOM: silly message
 26572 | Spider:4 | XOM: give mutations
 26572 | Spider:4 | Gained mutation: You are resistant to electric shocks.
                  | (rElec) [Xom's mischief]
 26572 | Spider:4 | Lost mutation: You are occasionally teleported next to
                  | monsters. [Xom's mischief]
 26572 | Spider:4 | Gained mutation: You are very dopey. (Int -4) [Xom's
                  | mischief]
 26572 | Spider:4 | Gained mutation: You passively map a small area around you.
                  | [Xom's mischief]
 26868 | Spider:4 | XOM: give mutations
 26868 | Spider:4 | Gained mutation: You sometimes lose your temper in combat.
                  | [Xom's mischief]
 26868 | Spider:4 | Lost mutation: Your muscles are strong. (Str +4, Int/Dex
                  | -1) [Xom's mischief]
 26874 | Spider:4 | XOM: give mutation
 26874 | Spider:4 | Lost mutation: You occasionally lose the ability to drink
                  | potions when taking damage. [Xom's mischief]
 26902 | Spider:4 | XOM: 2-stop teleportation journey
 26918 | Spider:4 | XOM: confuse monster(s)
 26919 | Spider:4 | Reached skill level 9 in Evocations
 26923 | Spider:4 | XOM: blink monster(s)
 26927 | Spider:4 | XOM: blink monster(s)
 26932 | Spider:4 | XOM: potion effect (haste)
 26962 | Spider:4 | XOM: noise
 26966 | Spider:4 | XOM: blink monster(s)
 26971 | Spider:4 | XOM: noise
 26983 | Spider:4 | XOM: summons 14 friendly demons
 27072 | Spider:4 | XOM: summons 8 friendly demons
 27073 | Spider:4 | XOM: polymorph orb spider -> wolf spider
 27079 | Spider:4 | XOM: summons 2 friendly demons
 27081 | Spider:4 | XOM: noise
 27089 | Spider:4 | XOM: cast spell 'Leda's Liquefaction'
 27095 | Spider:4 | Lost mutation: You are resistant to electric shocks.
                  | (rElec) [potion of mutation]
 27095 | Spider:4 | Lost mutation: You occasionally shout uncontrollably at
                  | your foes. [potion of mutation]
 27095 | Spider:4 | Lost mutation: You passively map a small area around you.
                  | [potion of mutation]
 27095 | Spider:4 | Gained mutation: Your body sometimes deteriorates upon
                  | taking damage. [potion of mutation]
 27095 | Spider:4 | Gained mutation: You are partially covered in iridescent
                  | scales. (AC +2) [potion of mutation]
 27096 | Spider:4 | Lost mutation: You sometimes lose your temper in combat.
                  | [potion of mutation]
 27096 | Spider:4 | Lost mutation: You expend magic power (3 MP) to strengthen
                  | your wands. [potion of mutation]
 27096 | Spider:4 | Gained mutation: Your magical capacity is low. (-10% MP)
                  | [potion of mutation]
 27096 | Spider:4 | Lost mutation: Your spells are a little easier to cast, but
                  | a little less powerful. [potion of mutation]
 27099 | Spider:4 | Lost mutation: You have a pair of antennae on your head.
                  | [potion of mutation]
 27099 | Spider:4 | Lost mutation: Your body sometimes deteriorates upon taking
                  | damage. [potion of mutation]
 27099 | Spider:4 | Lost mutation: Your magical capacity is low. (-10% MP)
                  | [potion of mutation]
 27099 | Spider:4 | Gained mutation: You are mostly covered in iridescent
                  | scales. (AC +4) [potion of mutation]
 27099 | Spider:4 | XOM: silly message
 27105 | Spider:4 | XOM: silly message
 27119 | Spider:4 | XOM: potion effect (invisibility)
 27132 | Spider:4 | XOM: noise
 27134 | Spider:4 | Reached skill level 11 in Translocations
 27147 | Spider:4 | XOM: enchant monster (bad)
 27270 | Spider:4 | Got a gossamer rune of Zot
 27335 | Spider:4 | XOM: give mutation
 27335 | Spider:4 | Gained mutation: You are strong-willed. (Will+) [Xom's
                  | grace]
 27679 | Shoals:1 | Entered Level 1 of the Shoals
 27752 | Shoals:1 | XOM: scenery: summon butterflies
 27942 | Shoals:1 | Acquired a manual of Fighting
 27963 | Shoals:1 | Reached XP level 17. HP: 81/81 MP: 15/19
 27997 | Shoals:1 | Noticed a kraken
 27998 | Shoals:1 | XOM: cleaving
 28016 | Shoals:1 | Killed a kraken
 28017 | Shoals:1 | Reached skill level 1 in Spellcasting
 28078 | Shoals:1 | XOM: god gift: boomerang
 28356 | Shoals:1 | XOM: god gift: wand of charming (4)
 28520 | Shoals:1 | XOM: 2-stop teleportation journey
 28531 | Shoals:1 | XOM: god gift: 20 gold pieces
 28793 | Shoals:2 | XOM: divination: magic mapping
 28871 | Shoals:2 | Reached skill level 2 in Spellcasting
 28882 | Shoals:2 | XOM: confuse monster(s)
 28883 | Shoals:2 | XOM: fog
 28906 | Shoals:2 | Reached skill level 15 in Unarmed Combat
 28915 | Shoals:2 | Reached skill level 13 in Fighting
 28968 | Shoals:2 | XOM: polymorph merfolk siren -> komodo dragon
 29060 | Shoals:2 | XOM: cast spell 'Discord'
 29474 | Shoals:3 | Reached skill level 18 in Dodging
 29488 | Shoals:3 | Reached skill level 10 in Evocations
 29527 | Shoals:3 | XOM: 1-stop teleportation journey
 29530 | Shoals:3 | XOM: smoke on damage
 29534 | Shoals:3 | Slain by a merfolk impaler
 29536 | Shoals:3 | XOM: summons 9 hostile demons
 29549 | Shoals:3 | XOM: confusion (+ monsters)
 29552 | Shoals:3 | XOM: 3-stop teleportation journey
 29563 | Shoals:3 | XOM: summons friendly quasit
 29570 | Shoals:3 | XOM: noise
 29597 | Shoals:3 | XOM: summons friendly shadow imp
 29613 | Shoals:3 | Reached skill level 12 in Translocations
 29613 | Shoals:3 | XOM: repel stairs
 29648 | Shoals:3 | XOM: chaos cloud
 29651 | Shoals:3 | Reached skill level 3 in Spellcasting
 29706 | Shoals:3 | XOM: silly message
 29716 | Shoals:3 | XOM: cast spell 'Discord'
 29762 | Shoals:3 | XOM: summons 2 hostile shadow creatures
 30287 | Shoals:3 | XOM: summons 9 hostile demons
 30434 | Shoals:4 | Entered Level 4 of the Shoals
 30498 | Shoals:4 | XOM: chaos upgrade
 30501 | Shoals:4 | Noticed Bai Suzhen
 30503 | Shoals:4 | XOM: blink monster(s)
 30514 | Shoals:4 | Paralysed by an air elemental for 1 turns
 30516 | Shoals:4 | XOM: polymorph merfolk impaler -> ghost moth
 30517 | Shoals:4 | Reached skill level 4 in Spellcasting
 30517 | Shoals:4 | XOM: blink monster(s)
 30520 | Shoals:4 | XOM: destruction
 30527 | Shoals:4 | XOM: scenery: create altars
 30531 | Shoals:4 | Reached skill level 14 in Fighting
 30531 | Shoals:4 | XOM: polymorph harpy -> entropy weaver
 30541 | Shoals:4 | Killed Bai Suzhen
 30685 | Shoals:4 | XOM: confuse monster(s)
 30742 | Shoals:4 | XOM: divination: detect items
 30752 | Shoals:4 | XOM: potion effect (brilliance)
 30784 | Shoals:4 | XOM: silly message
 30787 | Shoals:4 | XOM: polymorph manticore -> eye of devastation
 30798 | Shoals:4 | Found a stormy altar of Qazlal.
 30833 | Shoals:4 | XOM: 2-stop teleportation journey
 30842 | Shoals:4 | XOM: polymorph harpy -> salamander
 30848 | Shoals:4 | XOM: enchant monster (bad)
 30860 | Shoals:4 | XOM: smoke on damage
 30867 | Shoals:4 | Noticed a titan
 30892 | Shoals:4 | Killed a titan
 30893 | Shoals:4 | Reached skill level 5 in Spellcasting
 30893 | Shoals:4 | XOM: swap monsters
 30942 | Shoals:4 | Identified the +1 steam dragon scales of the Evil One
                  | {-Cast Harm rElec Str+5}
 30982 | Shoals:4 | Identified the ring of Qozxeag {rN+ Str+3 Dex+2}
 30986 | Shoals:4 | Got a barnacled rune of Zot
 31006 | Shoals:4 | XOM: polymorph water nymph -> anaconda
 31231 | Shoals:4 | Reached XP level 18. HP: 88/88 MP: 17/26
 31353 | Shoals:4 | Reached skill level 19 in Dodging
 31454 | Shoals:4 | XOM: summons 6 hostile demons
 31599 | Shoals:1 | XOM: summons 10 hostile demons
 31625 | Lair:3   | XOM: silly message
 31809 | Vaults:5 | Identified the "Tyrruett"
 31809 | Vaults:5 | Identified the of Qyumuung
 31809 | Vaults:5 | Identified the of Siosafeq
 31809 | Crypt:3  | Identified the of Kauwur
 31809 | Elf:1    | Identified the "Reum"
 31809 | Elf:1    | Entered Level 1 of the Elven Halls
 31820 | Elf:1    | XOM: chaos cloud
 31837 | Elf:1    | Identified the +3 pair of gloves of Zoipe {rF++ rN+ Int-3}
 31840 | Elf:1    | Reached skill level 15 in Fighting
 31901 | Elf:1    | Reached skill level 16 in Unarmed Combat
 31902 | Elf:1    | XOM: 2-stop teleportation journey
 31921 | Elf:1    | XOM: 1-stop teleportation journey
 32050 | Elf:1    | Found Gaimp's General Store.
 32053 | Elf:1    | Bought a potion of mutation for 128 gold pieces
 32053 | Elf:1    | Bought a potion of attraction for 48 gold pieces
 32053 | Elf:1    | Bought a wand of polymorph (3) for 67 gold pieces
 32053 | Elf:1    | Bought 3 scrolls of immolation for 192 gold pieces
 32081 | Elf:1    | XOM: summons 9 hostile demons
 32089 | Elf:1    | XOM: give mutations
 32089 | Elf:1    | Gained mutation: You are clumsy. (Dex -2) [Xom's mischief]
 32089 | Elf:1    | Lost mutation: You are clumsy. (Dex -2) [Xom's mischief]
 32089 | Elf:1    | Gained mutation: You have hidden genetic potential. [Xom's
                  | mischief]
 32132 | Elf:1    | Reached skill level 6 in Spellcasting
 32350 | Elf:1    | XOM: give mutations
 32350 | Elf:1    | Lost mutation: You have hidden genetic potential. [Xom's
                  | mischief]
 32350 | Elf:1    | Gained mutation: You occasionally shout uncontrollably at
                  | your foes. [Xom's mischief]
 32350 | Elf:1    | Lost mutation: You occasionally shout uncontrollably at
                  | your foes. [Xom's mischief]
 32538 | Elf:1    | XOM: give mutations
 32538 | Elf:1    | Gained mutation: You are weak. (Str -2) [Xom's mischief]
 32538 | Elf:1    | Lost mutation: You are strong-willed. (Will+) [Xom's
                  | mischief]
 32538 | Elf:1    | Gained mutation: You expend magic power (3 MP) to
                  | strengthen your wands. [Xom's mischief]
 32538 | Elf:1    | Lost mutation: You expend magic power (3 MP) to strengthen
                  | your wands. [Xom's mischief]
 32727 | Elf:2    | XOM: 1-stop teleportation journey
 32757 | Elf:2    | XOM: summons 1 hostile shadow creature
 32769 | Elf:2    | XOM: swap monsters
 32840 | Elf:2    | XOM: give mutations
 32840 | Elf:2    | Gained mutation: You have hidden genetic defects. [Xom's
                  | mischief]
 32840 | Elf:2    | Gained mutation: You are frail. (-10% HP) [Xom's mischief]
 32840 | Elf:2    | Lost mutation: You have a pair of small antennae on your
                  | head. [Xom's mischief]
 32840 | Elf:2    | Lost mutation: You have hidden genetic defects. [Xom's
                  | mischief]
 32853 | Elf:2    | Reached skill level 16 in Fighting
 32864 | Elf:2    | Found a runed translucent gate.
 32864 | Elf:2    | Found a runed translucent gate.
 32864 | Elf:2    | Found a runed translucent gate.
 32874 | Elf:2    | Noticed Asterion
 32884 | Elf:2    | XOM: noise
 32890 | Elf:2    | XOM: blink monster(s)
 32893 | Elf:2    | XOM: torment (72/105 hp)
 32909 | Elf:2    | XOM: chaos upgrade
 32924 | Elf:2    | XOM: chaos cloud
 32927 | Elf:2    | XOM: 3-stop teleportation journey
 32985 | Elf:2    | XOM: silly message
 33134 | Elf:2    | XOM: 1-stop teleportation journey
 33187 | Elf:2    | Reached skill level 20 in Dodging
 33280 | Elf:2    | Killed Asterion
 33493 | Elf:2    | XOM: fog
 33513 | Elf:2    | XOM: give mutations
 33513 | Elf:2    | Gained mutation: You have a pair of small antennae on your
                  | head. [Xom's grace]
 33513 | Elf:2    | Gained mutation: Your flesh is cold resistant. (rC+) [Xom's
                  | grace]
 33513 | Elf:2    | Gained mutation: A frigid envelope surrounds you and
                  | freezes all who hurt you. [Xom's grace]
 33612 | Elf:2    | XOM: scenery: 1 doors close
 33676 | Elf:2    | XOM: scenery: 1 doors close
 33832 | Elf:2    | XOM: give mutation
 33832 | Elf:2    | Lost mutation: You are frail. (-10% HP) [Xom's grace]
 33941 | Elf:3    | Entered Level 3 of the Elven Halls
 33941 | Elf:3    | Found a radiant altar of Vehumet.
 33947 | Elf:3    | XOM: noise
 34022 | Elf:3    | XOM: cast spell 'Cause Fear'
 34032 | Elf:2    | XOM: god gift: flail {god gift}
 34066 | Elf:3    | XOM: repel stairs
 34067 | Elf:3    | XOM: confusion (+ monsters)
 34072 | Elf:3    | Reached skill level 17 in Fighting
 34082 | Elf:3    | XOM: swap monsters
 34086 | Elf:3    | XOM: chaos upgrade
 34089 | Elf:3    | XOM: torment (46/119 hp)
 34092 | Elf:3    | XOM: noise
 34125 | Elf:2    | XOM: give mutations
 34125 | Elf:2    | Gained mutation: You occasionally shout uncontrollably at
                  | your foes. [Xom's mischief]
 34125 | Elf:2    | Lost mutation: Your flesh is cold resistant. (rC+) [Xom's
                  | mischief]
 34125 | Elf:2    | Gained mutation: You sometimes lose your temper in combat.
                  | [Xom's mischief]
 34131 | Elf:2    | Lost mutation: You have a pair of small antennae on your
                  | head. [potion of mutation]
 34131 | Elf:2    | Lost mutation: You are mostly covered in iridescent scales.
                  | (AC +4) [potion of mutation]
 34131 | Elf:2    | Lost mutation: You are very dopey. (Int -4) [potion of
                  | mutation]
 34131 | Elf:2    | Gained mutation: You are mostly covered in iridescent
                  | scales. (AC +4) [potion of mutation]
 34131 | Elf:2    | Gained mutation: You are robust. (+10% HP) [potion of
                  | mutation]
 34132 | Elf:2    | Lost mutation: You are weak. (Str -2) [potion of mutation]
 34132 | Elf:2    | Lost mutation: You are robust. (+10% HP) [potion of
                  | mutation]
 34132 | Elf:2    | Lost mutation: You sometimes lose your temper in combat.
                  | [potion of mutation]
 34132 | Elf:2    | Gained mutation: You have very sharp fingernails. [potion
                  | of mutation]
 34132 | Elf:2    | Gained mutation: You occasionally lose the ability to drink
                  | potions when taking damage. [potion of mutation]
 34139 | Elf:3    | XOM: confuse monster(s)
 34144 | Elf:3    | XOM: divination: magic mapping
 34146 | Elf:3    | XOM: cast spell 'Olgreb's Toxic Radiance'
 34155 | Elf:3    | XOM: summons 7 friendly demons
 34177 | Elf:3    | Found Ycarapt's Armour Shoppe.
 34180 | Elf:3    | Found Kelemak's Jewellery Shoppe.
 34186 | Elf:3    | Reached skill level 17 in Unarmed Combat
 34202 | Elf:3    | Bought a ring of protection from fire for 300 gold pieces
 34245 | Elf:3    | Found Noxzoq's Magic Scroll Boutique.
 34282 | Elf:3    | Bought a scroll of fog for 64 gold pieces
 34282 | Elf:3    | Bought a scroll of summoning for 152 gold pieces
 34292 | Elf:3    | Paralysed by an air elemental for 1 turns
 34355 | Elf:3    | Noticed Donald
 34365 | Elf:3    | Killed Donald
 34549 | Elf:3    | Reached XP level 19. HP: 96/96 MP: 29/29
 34659 | Elf:3    | XOM: summons friendly quasit
 34727 | Elf:3    | XOM: god gift: book of the Moon
 34750 | Elf:3    | XOM: scenery: 1 doors open
 34815 | Elf:3    | XOM: divination: detect creatures
 35288 | Elf:3    | XOM: scenery: create altars
 35467 | Elf:3    | XOM: give mutations
 35467 | Elf:3    | Gained mutation: You are robust. (+10% HP) [Xom's grace]
 35467 | Elf:3    | Gained mutation: You are agile. (Dex +4, Str/Int -1) [Xom's
                  | grace]
 35476 | Elf:3    | XOM: silly message
 35547 | Elf:3    | Identified the +4 leather armour of the Gravedigger {rN++
                  | Dex+3 Slay+3}
 35547 | Elf:3    | Identified the ring of Inefaipe {rF+ rC++ Str+2 Int+3}
 35568 | Elf:3    | XOM: repel stairs
 35693 | Elf:3    | XOM: silly message
 35754 | Elf:3    | XOM: summons 7 hostile demons
 35894 | Elf:3    | Identified the ring "Umitsor" {rF+ Stlth+}
 35911 | Elf:3    | XOM: cleaving
 35949 | Elf:3    | Identified the +3 broad axe of Watofa {freeze, Will+ rCorr
                  | Int+2 SInv}
 36050 | Elf:3    | Identified the +0 chain mail "Okixoth" {rC+ rN+ Str-4}
 36094 | Elf:3    | Identified the +4 shortbow "Upnoacuir" {drain, SInv Stlth+}
 36324 | Vaults:1 | Entered Level 1 of the Vaults
 36324 | Vaults:1 | Found Xykacum's Jewellery Shoppe.
 36460 | Vaults:1 | Reached skill level 18 in Fighting
 36519 | Vaults:1 | Found Dedobuff's Antique Armour Boutique.
 36550 | Vaults:1 | XOM: swap monsters
 36558 | Vaults:1 | XOM: swap monsters
 36559 | Vaults:1 | XOM: confuse monster(s)
 36563 | Vaults:1 | Reached skill level 18 in Unarmed Combat
 36720 | Vaults:1 | XOM: cleaving
 36756 | Vaults:1 | Found Woicloh's Distillery.
 36763 | Vaults:1 | Bought a potion of heal wounds for 85 gold pieces
 36763 | Vaults:1 | Bought a potion of curing for 51 gold pieces
 36763 | Vaults:1 | Bought a potion of attraction for 51 gold pieces
 36785 | Vaults:1 | XOM: god gift: warped scimitar {god gift}
 36785 | Vaults:1 | Identified the +3 scimitar of the Wolf {vamp, rF+ rCorr}
                  | (Xom gifted it to you on level 1 of the Vaults)
 36789 | Vaults:1 | XOM: silly message
 36825 | Vaults:1 | XOM: cleaving
 36898 | Vaults:1 | Found Woh Podo's General Store.
 36910 | Vaults:1 | Bought a scroll of teleportation for 48 gold pieces
 36910 | Vaults:1 | Bought a scroll of blinking for 120 gold pieces
 36962 | Vaults:1 | XOM: enchant monster (bad)
 36999 | Vaults:1 | XOM: give mutations
 36999 | Vaults:1 | Lost mutation: You have very sharp fingernails. [Xom's
                  | mischief]
 36999 | Vaults:1 | Gained mutation: You have a pair of small horns on your
                  | head. [Xom's mischief]
 36999 | Vaults:1 | Gained mutation: Your spells are a little harder to cast,
                  | but a little more powerful. [Xom's mischief]
 37035 | Vaults:1 | Found Weddy's Book Emporium.
 37124 | Vaults:1 | XOM: scenery: 2 doors close
 37214 | Vaults:1 | XOM: god gift: wand of charming (4)
 37252 | Vaults:1 | XOM: 3-stop teleportation journey
 37440 | Vaults:1 | XOM: scenery: 3 doors close
 37681 | Vaults:2 | XOM: blink monster(s)
 37685 | Vaults:2 | XOM: draining
 37691 | Vaults:2 | XOM: confusion (+ monsters)
 37699 | Vaults:2 | XOM: enchant monster (bad)
 37723 | Vaults:2 | Reached skill level 19 in Fighting
 37728 | Vaults:2 | XOM: 2-stop teleportation journey
 37799 | Vaults:2 | Reached XP level 20. HP: 70/114 MP: 27/30
 37807 | Vaults:2 | Reached skill level 19 in Unarmed Combat
 37808 | Vaults:2 | XOM: give mutations
 37808 | Vaults:2 | Lost mutation: You occasionally lose the ability to drink
                  | potions when taking damage. [Xom's mischief]
 37808 | Vaults:2 | Lost mutation: You have a pair of small horns on your head.
                  | [Xom's mischief]
 37835 | Vaults:2 | XOM: noise
 37863 | Vaults:2 | XOM: confusion
 37869 | Vaults:2 | XOM: silly message
 38034 | Vaults:2 | XOM: confusion
 38120 | Vaults:2 | XOM: confusion (+ monsters)
 38235 | Vaults:2 | XOM: divination: detect creatures
 38238 | Vaults:2 | XOM: cast spell 'Olgreb's Toxic Radiance'
 38505 | Vaults:2 | XOM: enchant monster (bad)
 38513 | Vaults:2 | XOM: scenery: 1 doors close
 38621 | Vaults:2 | XOM: summons 5 friendly demons
 38623 | Vaults:2 | XOM: divination: detect creatures
 38624 | Vaults:2 | Noticed Sojobo
 38631 | Vaults:2 | Killed Sojobo
 38706 | Vaults:2 | Reached skill level 20 in Fighting
 39039 | Vaults:3 | Found a staircase to the Crypt.
 39046 | Vaults:3 | XOM: blink monster(s)
 39056 | Vaults:3 | XOM: enchant monster (good)
 39059 | Vaults:3 | XOM: scenery: create altars
 39074 | Vaults:3 | XOM: noise
 39077 | Vaults:3 | Reached skill level 20 in Unarmed Combat
 39132 | Vaults:3 | XOM: silly message
 39134 | Vaults:3 | XOM: confusion
 39135 | Vaults:3 | XOM: 1-stop teleportation journey
 39403 | Vaults:3 | XOM: polymorph slime creature -> ghost moth
 39404 | Vaults:3 | XOM: chaos upgrade
 39416 | Vaults:3 | Identified the serpent talisman of the Past {rCorr}
 39416 | Vaults:3 | Noticed Aizul
 39416 | Vaults:3 | XOM: 1-stop teleportation journey
 39417 | Vaults:3 | Killed Aizul
 39786 | Vaults:3 | XOM: silly message
 39816 | Vaults:3 | XOM: cast spell 'Summon Mana Viper'
 39958 | Vaults:3 | Found Omuecen's Book Boutique.
 40011 | Vaults:3 | XOM: give mutations
 40011 | Vaults:3 | Gained mutation: You are very robust. (+20% HP) [Xom's
                  | grace]
 40011 | Vaults:3 | Gained mutation: You have a pair of small horns on your
                  | head. [Xom's grace]
 40219 | Vaults:3 | XOM: scenery: 1 doors close
 40235 | Vaults:3 | XOM: stat loss: -1 Str (8/9)
 40298 | Vaults:3 | XOM: stat loss: -1 Str (7/9)
 40308 | Vaults:3 | Reached skill level 1 in Transmutations
 40363 | Vaults:4 | Noticed Frederick
 40384 | Vaults:4 | Killed Frederick
 40394 | Vaults:4 | Reached skill level 2 in Transmutations
 40468 | Vaults:4 | XOM: 2-stop teleportation journey
 40541 | Vaults:4 | XOM: confuse monster(s)
 40551 | Vaults:4 | XOM: destruction
 40562 | Vaults:4 | XOM: summons friendly shadow imp
 40574 | Vaults:4 | XOM: confuse monster(s)
 40580 | Vaults:4 | Noticed Boris
 40590 | Vaults:4 | Reached skill level 3 in Transmutations
 40602 | Vaults:4 | Killed Boris
 40604 | Vaults:4 | Reached XP level 21. HP: 132/132 MP: 31/31
 40609 | Vaults:4 | Learned a level 2 spell: Passwall
 40615 | Vaults:4 | Learned a level 5 spell: Irradiate
 40731 | Vaults:4 | XOM: cloud trail
 40744 | Vaults:4 | XOM: enchant monster (bad)
 40747 | Vaults:4 | Identified the +8 sling of the Gloaming {freeze, rF+ rCorr
                  | Int+2 Dex-3}
 40748 | Vaults:4 | XOM: silly message
 40765 | Vaults:4 | XOM: summons 9 hostile demons
 40766 | Vaults:4 | XOM: 7-stop teleportation journey
 40823 | Vaults:4 | XOM: scenery: 1 doors close
 40840 | Vaults:4 | XOM: scenery: create altars
 40853 | Vaults:4 | Reached skill level 4 in Transmutations
 40923 | Vaults:4 | XOM: divination: magic mapping
 40944 | Vaults:4 | Reached skill level 5 in Air Magic
 40958 | Vaults:4 | XOM: divination: detect creatures
 40959 | Vaults:4 | Reached skill level 13 in Translocations
 40961 | Vaults:4 | XOM: noise
 40962 | Vaults:4 | XOM: potion effect (invisibility)
 41071 | Vaults:4 | Reached skill level 5 in Transmutations
 41093 | Vaults:4 | Found Soce's Distillery.
 41102 | Vaults:4 | Bought 2 potions of heal wounds for 150 gold pieces
 41102 | Vaults:4 | Bought a potion of curing for 45 gold pieces
 41102 | Vaults:4 | Bought a potion of curing for 45 gold pieces
 41102 | Vaults:4 | Bought a potion of mutation for 120 gold pieces
 41301 | Vaults:4 | XOM: give mutations
 41301 | Vaults:4 | Gained mutation: You are completely covered in iridescent
                  | scales. (AC +6) [Xom's mischief]
 41301 | Vaults:4 | Gained mutation: You frequently scream uncontrollably at
                  | your foes. [Xom's mischief]
 41301 | Vaults:4 | Lost mutation: Your spells are a little harder to cast, but
                  | a little more powerful. [Xom's mischief]
 41301 | Vaults:4 | Lost mutation: You are dopey. (Int -2) [Xom's mischief]
 41344 | Vaults:4 | Identified the ring of Law {Fire rElec rN+ Str-3}
 41449 | Crypt:1  | Entered Level 1 of the Crypt
 41509 | Crypt:1  | Found a runed translucent door.
 41511 | Crypt:1  | Noticed Soach's ghost (veteran DgEE)
 41556 | Crypt:1  | XOM: divination: magic mapping
 41557 | Crypt:1  | XOM: confusion (+ monsters)
 41558 | Crypt:1  | XOM: chaos cloud
 41568 | Crypt:1  | XOM: blink monster(s)
 41571 | Crypt:1  | XOM: destruction
 41574 | Crypt:1  | XOM: swap monsters
 41586 | Crypt:1  | Reached skill level 6 in Transmutations
 41603 | Crypt:1  | Reached skill level 14 in Translocations
 41603 | Crypt:1  | XOM: enchant monster (bad)
 41690 | Crypt:1  | Reached skill level 7 in Transmutations
 41716 | Crypt:1  | XOM: divination: magic mapping
 42042 | Crypt:2  | Reached skill level 8 in Transmutations
 42053 | Crypt:2  | XOM: repel stairs
 42073 | Crypt:2  | XOM: noise
 42080 | Crypt:2  | Reached skill level 9 in Transmutations
 42142 | Crypt:2  | XOM: torment (134/172 hp)
 42468 | Crypt:2  | Noticed Jory
 42475 | Crypt:2  | Killed Jory
 42632 | Crypt:2  | XOM: noise
 42749 | Crypt:3  | Entered Level 3 of the Crypt
 42759 | Crypt:3  | XOM: chaos upgrade
 42760 | Crypt:3  | XOM: give mutation
 42760 | Crypt:3  | Lost mutation: You are very robust. (+20% HP) [Xom's
                  | mischief]
 42764 | Crypt:3  | XOM: enchant monster (bad)
 42783 | Crypt:2  | Reached skill level 10 in Transmutations
 42850 | Crypt:3  | XOM: chaos cloud
 42870 | Crypt:3  | XOM: summons 5 hostile demons
 42887 | Crypt:3  | XOM: smoke on damage
 42917 | Crypt:3  | XOM: destruction
 42927 | Crypt:3  | Noticed a curse toe
 42962 | Crypt:3  | XOM: scenery: summon butterflies
 42963 | Crypt:3  | XOM: summons 3 friendly demons
 42965 | Crypt:3  | XOM: god gift: 2 potions of mutation
 42967 | Crypt:3  | Killed a curse toe
 42968 | Crypt:3  | Reached skill level 11 in Transmutations
 42983 | Crypt:3  | Noticed a curse toe
 42993 | Crypt:3  | XOM: polymorph wandering mushroom -> wandering mushroom
 42994 | Crypt:3  | XOM: confuse monster(s)
 42996 | Crypt:3  | Killed a curse toe
 43001 | Crypt:3  | XOM: divination: magic mapping
 43007 | Crypt:3  | XOM: cleaving
 43016 | Crypt:3  | Reached skill level 12 in Transmutations
 43188 | Crypt:3  | Reached XP level 22. HP: 125/126 MP: 32/32
 43195 | Crypt:3  | XOM: summons friendly ufetubus
 43196 | Crypt:3  | XOM: scenery: 1 doors open, 1 doors close
 43209 | Crypt:3  | Reached skill level 13 in Transmutations
 43393 | Crypt:3  | Identified the amulet "Dige Ifi" {rElec Regen+ Int+3
                  | Slay+2}
 43574 | Crypt:3  | Found a staircase to the Tomb.
 43829 | Crypt:3  | Noticed a dread lich
 43829 | Crypt:3  | Noticed a dread lich
 43847 | Crypt:3  | XOM: fake destruction
 43899 | Crypt:3  | XOM: butterfly on damage
 43972 | Crypt:3  | XOM: confuse monster(s)
 43981 | Crypt:3  | XOM: summons 1 hostile shadow creature
 43989 | Crypt:3  | XOM: cleaving
 43991 | Crypt:3  | XOM: summons 8 hostile demons
 43997 | Crypt:3  | XOM: confusion (+ monsters)
 44007 | Crypt:3  | XOM: divination: detect items
 44007 | Crypt:3  | Killed a dread lich
 44008 | Crypt:3  | Killed a dread lich
 44030 | Crypt:3  | Noticed an ancient lich
 44030 | Crypt:3  | Noticed an ancient lich
 44034 | Crypt:3  | XOM: noise
 44136 | Crypt:3  | Killed an ancient lich
 44137 | Crypt:3  | Reached skill level 14 in Transmutations
 44137 | Crypt:3  | XOM: potion effect (invisibility)
 44144 | Crypt:3  | XOM: confuse monster(s)
 44254 | Crypt:3  | XOM: summons 2 friendly demons
 44258 | Crypt:3  | Killed an ancient lich
 44264 | Crypt:3  | XOM: give mutations
 44264 | Crypt:3  | Gained mutation: You passively map a small area around you.
                  | [Xom's grace]
 44264 | Crypt:3  | Gained mutation: You possess an exceptional clarity of
                  | mind. [Xom's grace]
 44264 | Crypt:3  | Gained mutation: You passively map the area around you.
                  | [Xom's grace]
 44264 | Crypt:3  | Gained mutation: Your flesh is heat resistant. (rF+) [Xom's
                  | grace]
 44270 | Crypt:3  | Identified the ring of Worphur {rN+ Will- Str+6}
 44286 | Crypt:3  | Identified the ring "Onaps" {rPois rC+ rN+}
 44317 | Crypt:3  | XOM: give mutations
 44317 | Crypt:3  | Gained mutation: You have a somewhat thin skeletal
                  | structure. (Dex +2, Stealth+) [Xom's grace]
 44317 | Crypt:3  | Gained mutation: You are strong-willed. (Will+) [Xom's
                  | grace]
 44317 | Crypt:3  | Gained mutation: You expend magic power (3 MP) to
                  | strengthen your wands. [Xom's grace]
 44568 | Depths:1 | Entered Level 1 of the Depths
 44730 | Depths:1 | XOM: god gift: club {god gift}
 44793 | Depths:1 | Found Zitwoas's Book Boutique.
 44793 | Depths:1 | Found Weoskaq's Jewellery Shoppe.
 44794 | Depths:1 | Found Vaito's Book Boutique.
 44802 | Depths:1 | XOM: give mutations
 44802 | Depths:1 | Lost mutation: You expend magic power (3 MP) to strengthen
                  | your wands. [Xom's mischief]
 44802 | Depths:1 | Lost mutation: You passively map the area around you.
                  | [Xom's mischief]
 44802 | Depths:1 | Lost mutation: You have a somewhat thin skeletal structure.
                  | (Dex +2, Stealth+) [Xom's mischief]
 44827 | Depths:1 | Found a sacrificial altar of Ru.
 44834 | Depths:1 | Reached skill level 15 in Transmutations
 44839 | Depths:1 | XOM: summons friendly iron imp
 44902 | Depths:1 | XOM: draining
 45139 | Depths:1 | XOM: give mutations
 45139 | Depths:1 | Gained mutation: You expend magic power (3 MP) to
                  | strengthen your wands. [Xom's grace]
 45139 | Depths:1 | Gained mutation: Your mind is acute. (Int +4, Str/Dex -1)
                  | [Xom's grace]
 45139 | Depths:1 | Gained mutation: Your flesh is very heat resistant. (rF++)
                  | [Xom's grace]
 45139 | Depths:1 | Gained mutation: You are partially covered in large bone
                  | plates. (SH +4) [Xom's grace]
 45215 | Depths:1 | XOM: summons 5 hostile demons
 45253 | Depths:1 | Found a gateway to Hell.
 45266 | Depths:1 | XOM: enchant monster (good)
 45272 | Depths:1 | XOM: summons friendly ufetubus
 45273 | Depths:1 | XOM: god gift: 33 gold pieces
 45666 | Depths:2 | XOM: destruction
 45671 | Depths:2 | XOM: divine lightning
 45676 | Depths:2 | Noticed Louise
 45680 | Depths:2 | Reached skill level 16 in Transmutations
 45686 | Depths:2 | Killed Louise
 45716 | Depths:2 | XOM: god gift: 53 gold pieces
 45748 | Depths:2 | Noticed a juggernaut
 45748 | Depths:2 | XOM: cleaving
 45749 | Depths:2 | Noticed a juggernaut
 45750 | Depths:2 | Noticed a golden dragon
 45757 | Depths:2 | XOM: divination: detect items
 45763 | Depths:2 | Killed a juggernaut
 45763 | Depths:2 | XOM: cast spell 'Dispersal'
 45764 | Depths:2 | XOM: enchant monster (good)
 45765 | Depths:2 | XOM: divination: detect creatures
 45770 | Depths:2 | Killed a juggernaut
 45784 | Depths:2 | Reached skill level 17 in Transmutations
 45796 | Depths:2 | Killed a golden dragon
 45803 | Depths:2 | Noticed a golden dragon
 45806 | Depths:2 | XOM: enchant monster (good)
 45810 | Depths:2 | Killed a golden dragon
 45813 | Depths:2 | XOM: summons 2 friendly demons
 45910 | Depths:2 | XOM: noise
 45913 | Depths:2 | XOM: cast spell 'Metabolic Englaciation'
 45921 | Depths:2 | XOM: divination: detect creatures
 45927 | Depths:2 | XOM: summons 2 friendly demons
 45934 | Depths:2 | Reached skill level 18 in Transmutations
 45940 | Depths:2 | XOM: enchant monster (bad)
 46052 | Depths:2 | Found a one-way gate to the infinite horrors of the Abyss.
 46246 | D:12     | You paid a toll of 7 scrolls of fear to enter a treasure
                  | trove
 46247 | Trove    | Entered a treasure trove
 46287 | Trove    | Identified the amulet "Kuassiqi" {Reflect rElec rC- Str+8
                  | SH+5}
 46290 | Trove    | Identified the amulet "Jocoqof" {Faith Dex+3}
 46340 | D:12     | Bought a scroll of silence for 237 gold pieces
 46340 | D:12     | Bought a wand of quicksilver (6) for 630 gold pieces
 46340 | D:12     | Bought a scroll of teleportation for 75 gold pieces
 46340 | D:12     | Bought a potion of curing for 75 gold pieces
 46459 | Orc:2    | Bought a scroll of fear for 64 gold pieces
 46461 | Orc:2    | Bought a potion of resistance for 160 gold pieces
 46461 | Orc:2    | Bought a potion of curing for 48 gold pieces
 46461 | Orc:2    | Bought a potion of attraction for 48 gold pieces
 46657 | Depths:2 | Noticed a caustic shrike
 46671 | Depths:2 | Killed a caustic shrike
 46716 | Depths:2 | XOM: enchant monster (bad)
 46720 | Depths:2 | XOM: chaos cloud
 46934 | Depths:2 | XOM: noise
 47105 | Depths:2 | Found a one-way gate leading to the halls of Pandemonium.
 47110 | Depths:2 | Reached XP level 23. HP: 130/130 MP: 26/33
 47148 | Depths:2 | You fall into a shaft and drop 1 floor!
 47155 | Depths:3 | Reached skill level 19 in Transmutations
 47276 | Depths:2 | XOM: potion effect (haste)
 47485 | Depths:2 | XOM: polymorph iron troll -> shadow dragon
 47605 | Depths:2 | XOM: give mutations
 47605 | Depths:2 | Lost mutation: A frigid envelope surrounds you and freezes
                  | all who hurt you. [Xom's mischief]
 47605 | Depths:2 | Lost mutation: You expend magic power (3 MP) to strengthen
                  | your wands. [Xom's mischief]
 47605 | Depths:2 | Lost mutation: You have a pair of small horns on your head.
                  | [Xom's mischief]
 47605 | Depths:2 | Lost mutation: You are strong-willed. (Will+) [Xom's
                  | mischief]
 47722 | Depths:3 | XOM: noise
 47778 | Depths:3 | XOM: polymorph glowing orange brain -> elephant
 47779 | Depths:3 | XOM: divination: magic mapping
 47820 | Depths:3 | Noticed a caustic shrike
 47828 | Depths:3 | Killed a caustic shrike
 47899 | Depths:3 | Reached skill level 20 in Transmutations
 48191 | Depths:3 | XOM: give mutations
 48191 | Depths:3 | Lost mutation: You are partially covered in large bone
                  | plates. (SH +4) [Xom's mischief]
 48191 | Depths:3 | Lost mutation: You are completely covered in iridescent
                  | scales. (AC +6) [Xom's mischief]
 48204 | Depths:3 | XOM: swap monsters
 48214 | Depths:3 | XOM: give mutation
 48214 | Depths:3 | Lost mutation: You possess an exceptional clarity of mind.
                  | [Xom's mischief]
 48254 | Depths:3 | Found a one-way gateway to a ziggurat.
 48299 | Depths:3 | XOM: give mutations
 48299 | Depths:3 | Lost mutation: You are mostly covered in iridescent scales.
                  | (AC +4) [Xom's mischief]
 48299 | Depths:3 | Lost mutation: You passively map a small area around you.
                  | [Xom's mischief]
 48299 | Depths:3 | Lost mutation: You are agile. (Dex +4, Str/Int -1) [Xom's
                  | mischief]
 48299 | Depths:3 | Lost mutation: You are partially covered in iridescent
                  | scales. (AC +2) [Xom's mischief]
 48353 | Depths:3 | Found an ornate altar of the Wu Jian Council.
 48471 | Depths:3 | Identified the +0 falchion "Cebruk" {freeze, MP-9 Str+5
                  | Int+3 Stlth+}
 48562 | Depths:3 | XOM: polymorph hell knight -> slime creature
 48570 | Depths:3 | XOM: enchant monster (good)
 48622 | Depths:4 | Entered Level 4 of the Depths
 48630 | Depths:4 | Found a magical portal.
 48635 | Depths:4 | XOM: divination: detect items
 48649 | WizLab   | Entered Zonguldrok's Shrine
 48739 | WizLab   | XOM: silly message
 48796 | WizLab   | XOM: silly message
 48820 | WizLab   | Learned a level 4 spell: Petrify
 48831 | WizLab   | Noticed an antique lich
 48836 | WizLab   | XOM: summons 14 friendly demons
 48840 | WizLab   | Killed an antique lich
 48859 | WizLab   | Found the +9 sword of Zonguldrok {reap}
 48868 | WizLab   | XOM: noise
 49046 | Depths:4 | XOM: noise
 49061 | Depths:4 | Reached skill level 1 in Conjurations
 49106 | Depths:4 | Found a gate to the Realm of Zot.
 49111 | Depths:4 | XOM: silly message
 49117 | Depths:4 | Reached skill level 1 in Earth Magic
 49121 | Depths:4 | XOM: confusion (+ monsters)
 49132 | Depths:4 | XOM: destruction
 49159 | Depths:4 | XOM: blink monster(s)
 49160 | Depths:4 | XOM: summons friendly crimson imp
 49161 | Depths:4 | XOM: enchant monster (bad)
 49170 | Depths:4 | XOM: divination: detect items
 49174 | Depths:4 | Reached skill level 2 in Conjurations
 49182 | Depths:4 | Reached skill level 2 in Earth Magic
 49290 | Depths:4 | Found Asuefe's Antique Armour Shop.
 49319 | Depths:4 | XOM: swap monsters
 49334 | Depths:4 | Reached skill level 10 in Stealth
 49343 | Depths:4 | Identified the ring "Irphakhue" {AC+4 Dex+4 Slay-4}
 49690 | Depths:4 | XOM: chaos cloud
 49695 | Depths:4 | XOM: fog
 49696 | Depths:4 | XOM: god gift: book of Cantrips
 49705 | Depths:4 | XOM: polymorph death yak -> catoblepas
 49887 | Depths:4 | XOM: god gift: thick copper amulet {god gift}
 50143 | Depths:4 | XOM: scenery: 1 doors open, 1 doors close
 50146 | Depths:4 | XOM: cloud trail
 50330 | Vaults:2 | XOM: divination: detect creatures
 50461 | Vaults:5 | Entered Level 5 of the Vaults
 50464 | Vaults:5 | XOM: noise
 50470 | Vaults:5 | XOM: potion effect (might)
 50475 | Vaults:5 | Reached skill level 3 in Conjurations
 50477 | Vaults:5 | Reached skill level 3 in Earth Magic
 50484 | Vaults:5 | XOM: silly message
 50488 | Vaults:5 | XOM: potion effect (brilliance)
 50492 | Vaults:5 | XOM: silly message
 50494 | Vaults:5 | Reached skill level 7 in Spellcasting
 50496 | Vaults:5 | HP: 8/169 [titan (35)]
 50499 | Vaults:5 | XOM: potion effect (invisibility)
 50500 | Vaults:5 | Mangled by a titan
 50510 | Vaults:5 | XOM: divination: detect creatures
 50514 | Vaults:5 | Reached XP level 24. HP: 135/135 MP: 31/34
 50571 | Vaults:5 | Reached skill level 11 in Evocations
 50571 | Vaults:5 | Noticed a dread lich
 50580 | Vaults:5 | Killed a dread lich
 50701 | Vaults:5 | Reached skill level 11 in Stealth
 50712 | Vaults:5 | Reached skill level 19 in Shapeshifting
 50753 | Vaults:5 | XOM: scenery: create altars
 50781 | Vaults:5 | Found the +4 robe of Folly {Brill Will-∞ Int+8}
 50788 | Vaults:5 | XOM: 1-stop teleportation journey
 50791 | Vaults:5 | XOM: give mutation
 50791 | Vaults:5 | Lost mutation: Your mind is acute. (Int +4, Str/Dex -1)
                  | [Xom's mischief]
 50792 | Vaults:5 | XOM: divination: detect items
 50797 | Vaults:5 | Reached skill level 4 in Conjurations
 50800 | Vaults:5 | Reached skill level 4 in Earth Magic
 50812 | Vaults:5 | XOM: summons friendly ufetubus
 50825 | Vaults:5 | XOM: fog
 50828 | Vaults:5 | XOM: summons friendly crimson imp
 50883 | Vaults:5 | Found Zorr's Jewellery Shoppe.
 50885 | Vaults:5 | Identified the +5 battleaxe of Jubamoto {heavy, Will+ Str-2
                  | Int+4}
 50898 | Vaults:5 | Identified the +0 chain mail of the Tanner {+Blink rF+++
                  | rN++ Str-2}
 50930 | Vaults:5 | Reached XP level 25. HP: 139/139 MP: 32/35
 50959 | Vaults:5 | XOM: cloud trail
 50990 | Vaults:5 | XOM: summons 13 friendly demons
 50992 | Vaults:5 | XOM: give mutations
 50992 | Vaults:5 | Gained mutation: Your mind is acute. (Int +4, Str/Dex -1)
                  | [Xom's grace]
 50992 | Vaults:5 | Gained mutation: You are agile. (Dex +4, Str/Int -1) [Xom's
                  | grace]
 50992 | Vaults:5 | Gained mutation: Your system is resistant to poisons.
                  | (rPois) [Xom's grace]
 50992 | Vaults:5 | Gained mutation: You have a pair of small horns on your
                  | head. [Xom's grace]
 51081 | Vaults:5 | XOM: summons friendly ufetubus
 51087 | Vaults:5 | XOM: divination: detect creatures
 51113 | Vaults:5 | Noticed an ancient lich
 51118 | Vaults:5 | Killed an ancient lich
 51124 | Vaults:5 | XOM: summons 16 friendly demons
 51185 | Vaults:5 | XOM: polymorph ogre mage -> redback
 51200 | Vaults:5 | XOM: destruction
 51202 | Vaults:5 | XOM: 8-stop teleportation journey
 51204 | Vaults:5 | Reached skill level 8 in Spellcasting
 51224 | Vaults:5 | XOM: give mutation
 51224 | Vaults:5 | Gained mutation: You passively map a small area around you.
                  | [Xom's grace]
 51236 | Vaults:5 | Identified the ring of Sin {rPois Will+ rCorr Dex+6}
 51238 | Vaults:5 | XOM: cleaving
 51247 | Vaults:5 | Reached skill level 12 in Stealth
 51247 | Vaults:5 | Reached skill level 5 in Conjurations
 51263 | Vaults:5 | XOM: give mutations
 51263 | Vaults:5 | Lost mutation: Your system is resistant to poisons. (rPois)
                  | [Xom's mischief]
 51263 | Vaults:5 | Gained mutation: Your flesh is cold resistant. (rC+) [Xom's
                  | mischief]
 51263 | Vaults:5 | Lost mutation: Your flesh is very heat resistant. (rF++)
                  | [Xom's mischief]
 51293 | Vaults:5 | XOM: cleaving
 51295 | Vaults:5 | Reached skill level 5 in Earth Magic
 51388 | Vaults:5 | XOM: cloud trail
 51409 | Vaults:5 | Identified the +5 great sword of Wealth {antimagic, Str+4
                  | Dex+6}
 51415 | Vaults:5 | XOM: summons 2 friendly demons
 51611 | Vaults:5 | XOM: 1-stop teleportation journey
 51626 | Vaults:5 | XOM: divination: detect items
 51704 | Vaults:5 | Got a silver rune of Zot
 51800 | Vaults:5 | XOM: swap monsters
 51800 | Vaults:5 | Identified the +4 battleaxe of Teotiz Oqeg {freeze, Fragile
                  | rN+ Dex+4 SInv}
 51813 | Vaults:5 | XOM: blink monster(s)
 51818 | Vaults:5 | Reached skill level 12 in Evocations
 52264 | Vaults:3 | Identified the "Pont" (Xom gifted it to you on level 3 of
                  | the Vaults)
 52264 | Vaults:3 | XOM: god gift: Xom's Lessons on Fey Blasting
 52457 | Depths:1 | XOM: give mutation
 52457 | Depths:1 | Gained mutation: You are partially covered in iridescent
                  | scales. (AC +2) [Xom's grace]
 52462 | Depths:2 | XOM: summons 2 hostile demons
 52571 | Zot:1    | Entered Level 1 of the Realm of Zot
 52617 | Zot:3    | XOM: fake destruction
 52627 | Zot:3    | Reached skill level 13 in Stealth
 52627 | Zot:3    | Reached skill level 6 in Conjurations
 52627 | Zot:3    | Reached skill level 20 in Shapeshifting
 52636 | Zot:3    | XOM: confusion
 52649 | Zot:3    | XOM: repel stairs
 52656 | Zot:3    | Reached skill level 9 in Spellcasting
 52658 | Zot:3    | XOM: cleaving
 52666 | Zot:3    | XOM: cleaving
 52795 | Zot:3    | Learned a level 1 spell: Apportation
 52799 | Zot:3    | XOM: stat loss: -1 Str (7/8)
 52807 | Zot:3    | XOM: fog
 52824 | Zot:3    | XOM: polymorph komodo dragon -> harpy
 52826 | Zot:3    | XOM: divine lightning
 52841 | Zot:3    | XOM: summons 13 hostile demons
 52949 | Zot:4    | XOM: scenery: 1 doors open
 52968 | Zot:5    | Entered Level 5 of the Realm of Zot
 53140 | Zot:5    | XOM: scenery: create altars
 53141 | Zot:5    | Reached skill level 14 in Stealth
 53148 | Zot:5    | Reached skill level 7 in Conjurations
 53148 | Zot:5    | XOM: confuse monster(s)
 53151 | Zot:5    | Reached skill level 13 in Evocations
 53154 | Zot:5    | Noticed a dread lich
 53155 | Zot:5    | XOM: 4-stop teleportation journey
 53197 | Zot:5    | Noticed a Killer Klown
 53215 | Zot:5    | Killed a Killer Klown
 53297 | Zot:5    | Killed a dread lich
 53462 | Zot:5    | XOM: silly message
 53477 | Zot:5    | Noticed an orb of fire
 53481 | Zot:5    | Gained mutation: Your flesh is very cold resistant. (rC++)
                  | [an orb of fire]
 53485 | Zot:5    | Gained mutation: You are weak. (Str -2) [an orb of fire]
 53488 | Zot:5    | Killed an orb of fire
 53528 | Zot:5    | XOM: divination: detect creatures
 53533 | Zot:5    | XOM: divination: detect items
 53534 | Zot:5    | Noticed a Killer Klown
 53537 | Zot:5    | Noticed an orb of fire
 53538 | Zot:5    | XOM: divination: magic mapping
 53558 | Zot:5    | Reached XP level 26. HP: 119/145 MP: 30/37
 53561 | Zot:5    | XOM: cast spell 'Summon Cactus Giant'
 53571 | Zot:5    | Reached skill level 10 in Spellcasting
 53610 | Zot:5    | Noticed an ancient lich
 53613 | Zot:5    | XOM: noise
 53617 | Zot:5    | Killed an ancient lich
 53635 | Zot:5    | Noticed an orb of fire
 53637 | Zot:5    | Gained mutation: You are very weak. (Str -4) [an orb of
                  | fire]
 53644 | Zot:5    | Gained mutation: You have hidden genetic defects. [an orb
                  | of fire]
 53647 | Zot:5    | Killed an orb of fire
 53656 | Zot:5    | Killed an orb of fire
 53657 | Zot:5    | Reached skill level 15 in Stealth
 53659 | Zot:5    | Reached skill level 8 in Conjurations
 53736 | Zot:5    | Noticed an orb of fire
 53744 | Zot:5    | Lost mutation: You are robust. (+10% HP) [an orb of fire]
 53746 | Zot:5    | Gained mutation: You are mostly covered in iridescent
                  | scales. (AC +4) [an orb of fire]
 53747 | Zot:5    | Gained mutation: Your magical capacity is low. (-10% MP)
                  | [an orb of fire]
 53752 | Zot:5    | Lost mutation: Your flesh is heat resistant. (rF+) [an orb
                  | of fire]
 53756 | Zot:5    | Gained mutation: You are frail. (-10% HP) [an orb of fire]
 53763 | Zot:5    | Gained mutation: You are very frail. (-20% HP) [an orb of
                  | fire]
 53768 | Zot:5    | Killed an orb of fire
 53830 | Zot:5    | XOM: silly message
 53907 | Zot:5    | XOM: divination: detect creatures
 53984 | Zot:5    | XOM: 1-stop teleportation journey
 54011 | Zot:5    | Noticed an orb of fire
 54016 | Zot:5    | Lost mutation: Your mind is acute. (Int +4, Str/Dex -1) [an
                  | orb of fire]
 54021 | Zot:5    | Killed an orb of fire
 54022 | Zot:5    | Reached skill level 14 in Evocations
 54070 | Zot:5    | XOM: god gift: 25 gold pieces
 54101 | Zot:5    | Noticed a dread lich
 54101 | Zot:5    | XOM: confuse monster(s)
 54105 | Zot:5    | Got the Orb of Zot
 54107 | Zot:5    | Noticed an orb of fire
 54107 | Zot:5    | Noticed a dread lich
 54113 | Zot:5    | XOM: silly message
 54147 | Zot:5    | XOM: cleaving
 54153 | Zot:4    | XOM: fog
 54211 | Zot:2    | XOM: potion effect (invisibility)
 54391 | D:15     | XOM: summons 4 hostile demons
 54434 | D:13     | Noticed Jeott the pandemonium lord
 54575 | D:6      | Gained mutation: You occasionally lose the ability to read
                  | scrolls when taking damage. [hidden defects]
 54711 | D:$      | Escaped with the Orb!

Illustrated notes

Levels and vault maps discovered:
D:1:      amcnicky_arrival_gap_in_the_tavern_cellar, layout_basic, serial_glass,
          glass_columns_b, glass_columns_c, glass_columns_b, glass_columns_a,
          serial_shops, nicolae_shop_real_fake_doors, shop
D:2:      minmay_door_path, layout_basic, serial_shops, shop,
          nicolae_shop_overgrown_old_shop, shop
D:3:      layout_rooms, nicolae_overflow_crystal_walls, general_overflow_altar,
          hellmonk_ecumenical_altar_blasted, minmay_fractal_squares_diagonal_5
D:4:      layout_layer_cave, nemelex_diamond_rough_becter, serial_shops, shop,
          grunt_ministairs_6, chequers_serial_rivers_micro_e,
          chequers_serial_rivers_marsh, kennysheep_pointless_box
D:5:      layout_rooms, old_standard_altar, serial_shops, kennysheep_mini_moat,
          corexii_checkpoint
D:6:      cheibrodos_barr_body, layout_cave_pools, portal_sewer_entry_f,
          serial_shops, nicolae_square_shop, wad_floor_pattern_2, uniq_menkaure
D:7:      layout_cave_pools, kennysheep_little_box,
          minmay_temple_entry_glassed_door, serial_shops,
          nicolae_shop_mannequins, nicolae_shop_peninsula, shop, shop,
          uniq_pikel
D:8:      layout_loops_ring, lemuel_doored_altar
D:9:      layout_rooms, overflow_temple_1_default, trog_butcher_becter,
          mainiacjoe_overflow_surrounded_room
D:10:     layout_loops_ring, zin_scriptorium, kennysheep_mini, david_orc_5
D:11:     layout_loops_ring, lair_entry_dummy, hangedman_misty_isle
D:12:     layout_basic, portal_ice_cave_rime, enter_trove_1, serial_shops, shop,
          uniq_nergalle
D:13:     layout_irregular_city, grunt_vaults_entry_tiered, serial_shops,
          nicolae_shop_tiny_real_fake_doors, corner_web_ring
D:14:     layout_basic, st_stairs_5
D:15:     hellmonk_depths_entry_around_the_bend, layout_cave_pods, serial_shops,
          shop, minmay_misc_feat_roman, nooodl_orcs_dogs
Lair:1:   layout_loops_ring, beast_lair_carwin_7, uniq_gastronok
Lair:2:   layout_small_grid, nicolae_spider_entry_tight_spaces, enter_volcano_4,
          forest_entry_grove, infiniplex_staircase_pool, lemuel_fruit_tree,
          uniq_maggie
Lair:3:   layout_chaotic_city, elwin_shoals_entry_rocks, serial_bayou_shore_a,
          grunt_megastairs_3, lemuel_fruit_fields
Lair:4:   layout_regular_city, minmay_slime_entry_pillars, grunt_megastairs_1,
          serial_bayou_shore_b
Lair:5:   gammafunk_lair_ancient_temple, layout_cave_pods,
          dreamdust_gnoll_shepherd
Shoals:1: nicolae_shoals_aurelia_aurita, layout_shoals,
          nicolae_shoals_dead_sea_scrolls
Shoals:2: layout_shoals, nicolae_shoals_beach_house_on_fowls_legs
Shoals:3: layout_shoals
Shoals:4: shoals_end_hellmonk_storm_palace [storm_palace_center_square,
          storm_palace_corner_pillars, storm_palace_corner_altar,
          storm_palace_corner_grid, storm_palace_corner_reverse_hut],
          serial_shops, uniq_bai_suzhen
Spider:1: layout_spider_delve, uniq_mlioglotl, uniq_jorgrun, uniq_josephine
Spider:2: layout_chambers
Spider:3: layout_spider_delve, special_room [special_room_bee],
          nicolae_arachne_temple, uniq_arachne
Spider:4: hellmonk_spider_rune_endless_swarm, uniq_nikola
Orc:1:    layout_caves, nicolae_orc_crystal_geode
Orc:2:    st_orc_rangers, layout_caves, serial_shops, shop, uniq_snorg
Elf:1:    layout_rooms, serial_shops, shop, minmay_elf_necromancy, drop_trap
Elf:2:    elven_hall_of_blades_hangedman_original [grunt_blade_entry_basic],
          layout_gridlike, drop_trap, uniq_asterion
Elf:3:    elf_hall_gauntlet_narrow, layout_geoelf_diagonals, basic_altar,
          serial_shops, nicolae_diamond_shop, shop, shop, serial_sigils,
          serial_sigils_hangedman_shear, serial_sigils_hangedman_scar,
          serial_sigils_hangedman_gnaw, serial_sigils_hangedman_gut, uniq_donald
Vaults:1: nicolae_vaults_doubleplus_tesselated, v_misc_32,
          hangedman_vaults_variations, nicolae_vaults_surprise_closet,
          vaults_room_grunt_arrival_checkpoint, vaults_room_hallway, v_misc_13,
          dpeg_vaults_monster_box, grunt_vaults_hallway_short,
          vaults_room_guarded_vault, layout_vaults_omnigrid, serial_shops,
          nicolae_shop_tiny_waterfront, shop, shop, shop,
          nicolae_shop_tiny_statue_garden
Vaults:2: hangedman_vaults_stitches, v_pattern_3,
          nicolae_vaults_closet_pinwheel_6, grunt_vaults_trifunnel,
          ontoclasm_vaults_idyll, nicolae_vaults_wine_cellar,
          special_room_vaults [special_room_orc], nicolae_vaults_sealed_display,
          nicolae_vaults_tetromino_L_1, nicolae_vaults_house_1,
          nicolae_vaults_trapezoid_1, ontoclasm_vaults_shuriken,
          layout_vaults_omnicross, uniq_sojobo
Vaults:3: nicolae_vaults_triangles, nicolae_vaults_border_crossing,
          vaults_mumra_chevron_long, nicolae_vaults_diamond_1,
          hangedman_vaults_corner_blocks, v_misc_3, vaults_mumra_hex,
          nicolae_vaults_more_shelving_1, vaults_mumra_hexcomb,
          nicolae_vaults_house_1, layout_vaults_chaotic_city,
          minmay_crypt_entry_simple_round, serial_shops,
          nicolae_shop_waterfront, uniq_aizul
Vaults:4: vaults_standard_mumra_x, v_misc_30, nicolae_vaults_ellipses_ellipsis,
          hangedman_vaults_corner, nicolae_vaults_weapon_check,
          nicolae_vaults_mush_room, nicolae_vaults_trapezoid_2,
          nicolae_vaults_apartment_2, nicolae_vaults_door_testing_chamber,
          nicolae_vaults_two_Ls, nicolae_vaults_little_squares_6,
          nicolae_vaults_trapezoid_lopsided_1, nicolae_vaults_prndl,
          layout_vaults_omnibox, serial_shops, shop, uniq_boris, uniq_frederick
Vaults:5: serial_shops
Crypt:1:  layout_rooms, ebering_ghost_inner_flame,
          ebering_dispersal_statue_hall, hex_intersection, uniq_josephina
Crypt:2:  layout_catacombs, uniq_jory
Crypt:3:  david_glass_crypt, layout_basic, tomb_entry_forgotten_bobbens,
          palyth_stone_intersect, minmay_misc_feat_pillars
Depths:1: layout_basic, pf_vacation_house_of_asmodeus, minmay_holes,
          grunt_decor_cap, nicolae_ru_great_annihilating_truth,
          minmay_shop_grove
Depths:2: nicolae_fronds_of_death, layout_gridlike, grunt_hell_entry_dis_mu,
          rand_demon_pan_entry_8, nicolae_abyss_entry_one_way_or_another,
          infiniplex_staircase_pillars_2
Depths:3: minmay_the_grid_triangle_9x9_rhombus_thin_mashed
          [minmay_the_grid_triangle_9x9_limited_checkers,
          minmay_the_grid_triangle_9x9_prize_schism,
          minmay_the_grid_triangle_9x9_pentomino_pain,
          minmay_the_grid_triangle_9x9_swiss_cheese], layout_gridlike,
          enter_ziggurat_a, chequers_serial_rivers_micro_d, abyss_entry,
          hell_entry, nicolae_wu_jian_wuxing_cycle
Depths:4: grunt_zot_entry_funnels, layout_gridlike,
          infiniplex_enter_wizlab_glasses,
          hangedman_abyss_or_decor_jellyfish_corner, hell_entry, abyss_entry,
          skrybe_limestone_x, minmay_shop_star
Zot:1:    layout_gridlike, ebering_ghost_disaster_area,
          hangedman_zot_decor_checkerboard, serial_nicolae_subway,
          nicolae_sub_station_metal, nicolae_sub_station_stone,
          nicolae_sub_station_crystal
Zot:2:    layout_gridlike, gammafunk_ghost_grave,
          regret_index_zotdec_twisting_globes
Zot:3:    layout_cellular_growth
Zot:4:    layout_twisted_circle, hangedman_zot_decor_slant, grunt_megastairs_4
Zot:5:    layout_cathedral_of_symmetry

Skill      XL: |  1  2  3  4  5  6  7  8  9 10 11 12 13 14 15 16 17 18 19 20 21 22 23 24 25 26 |
---------------+-------------------------------------------------------------------------------+-----
Stealth        | 2 3 5 7 9 10 11 14 15 | 15.0
Dodging        | 4 5 6 11 13 15 16 17 18 20 | 20.8
Unarmed Combat | 4 5 7 9 11 13 14 15 17 18 20 | 20.8
Shapeshifting  | 1 2 3 5 8 12 13 15 16 17 18 19 20 | 20.0
Fighting       | 4 5 7 9 10 11 12 14 17 19 20 | 20.8
Evocations     | 4 5 7 9 10 11 13 14 | 14.3
Translocations | 6 7 8 11 12 14 | 14.0
Air Magic      | 3 4 5 |  5.0
Spellcasting   | 5 6 7 9 10 | 10.9
Transmutations | 3 12 18 20 | 20.9
Conjurations   | 3 4 7 8 |  8.8
Earth Magic    | 3 4 5 |  5.0

Action                     |  1- 3 |  4- 6 |  7- 9 | 10-12 | 13-15 | 16-18 | 19-21 | 22-24 | 25-27 || total
---------------------------+-------+-------+-------+-------+-------+-------+-------+-------+-------++-------
  Melee: Unarmed           |   119 |   149 |   311 |   653 |  1106 |  1552 |  1236 |  1094 |   671 ||  6891
         Bite              |    10 |    14 |    40 |    78 |   153 |   200 |   213 |   209 |   123 ||  1040
         Punch             |     2 |     4 |    13 |    25 |    97 |   162 |   238 |   183 |   132 ||   856
         Headbutt          |       |       |       |       |       |       |   234 |   160 |   232 ||   626
   Cast: Blink             |       |       |       |     1 |       |     2 |     1 |     2 |     1 ||     7
         Manifold Assault  |       |       |       |       |       |   116 |     6 |    83 |    33 ||   238
         Vhi's Electric Ch |       |       |       |       |       |    50 |    40 |    24 |    37 ||   151
         Irradiate         |       |       |       |       |       |       |       |     9 |     7 ||    16
         Apportation       |       |       |       |       |       |       |       |       |     2 ||     2
         Passwall          |       |       |       |       |       |       |       |       |     2 ||     2
  Evoke: Wand              |       |       |     1 |    20 |     6 |    21 |       |     2 |    15 ||    65
         Lightning rod     |       |       |       |       |       |       |       |       |     4 ||     4
    Use: Scroll            |     5 |     2 |     3 |    10 |     9 |     6 |     3 |     2 |    16 ||    56
         Potion            |     1 |     2 |     2 |     2 |     4 |     8 |     2 |    14 |    19 ||    54
   Stab: Sleeping          |    12 |     8 |     6 |    12 |    19 |    11 |    23 |     4 |     2 ||    97
         Distracted        |       |     1 |     3 |     1 |    11 |     8 |    14 |     6 |     6 ||    50
         Invisible         |       |       |     3 |     4 |     4 |    15 |     4 |       |    10 ||    40
         Confused          |       |       |     2 |       |     7 |     8 |    17 |     1 |       ||    35
         Petrified         |       |       |       |       |       |     1 |       |       |       ||     1
         Petrifying        |       |       |       |       |       |       |     1 |       |       ||     1
         Paralysed         |       |       |       |       |       |       |     1 |     3 |       ||     4
 Armour: Skin              |    34 |    51 |    92 |   365 |   589 |   724 |   395 |   402 |   250 ||  2902
  Dodge: Dodged            |    76 |   129 |   271 |   886 |  2843 |  3877 |  2562 |  1837 |  1129 || 13610
  Block: Other             |       |       |    18 |   215 |   219 |       |       |    78 |       ||   530
         Reflection        |       |       |     1 |     2 |    24 |       |       |       |       ||    27
   Form: Flux              |       |       |     1 |       |       |       |       |       |       ||     1
         Blade             |       |       |     1 |       |       |       |       |       |       ||     1
         Statue            |       |       |       |     1 |       |       |       |       |       ||     1

Table legend: (Time is in decaauts)
 A = Elapsed time spent in this place.
 B = Non-inter-level travel time spent in this place.
 C = Inter-level travel time spent in this place.
 D = Time resting spent in this place.
 E = Time spent auto-exploring this place.
 F = Levels seen in this place.
 G = Mean time per level.
                   A        B        C        D        E       F      G
               +--------+--------+--------+--------+--------+-----+--------+
         Total |  74042 |  66031 |   8011 |   6117 |  42878 |  52 | 1423.9 |
       Dungeon |  20308 |  16276 |   4032 |   1321 |  10483 |  15 | 1353.9 |
          Lair |   8199 |   7524 |    675 |    216 |   5713 |   5 | 1639.8 |
        Shoals |   6047 |   5748 |    299 |    230 |   3891 |   4 | 1511.8 |
   Spider Nest |   6323 |   6005 |    318 |    363 |   4121 |   4 | 1580.8 |
  Orcish Mines |   2312 |   1891 |    421 |    136 |   1359 |   2 | 1156.0 |
   Elven Halls |   6359 |   6012 |    347 |   1846 |   2760 |   3 | 2119.7 |
        Vaults |  10348 |   9417 |    931 |    620 |   6325 |   5 | 2069.6 |
         Crypt |   4140 |   3978 |    162 |    468 |   2505 |   3 | 1380.0 |
        Depths |   7241 |   6498 |    743 |     59 |   5096 |   4 | 1810.2 |
           Zot |   2305 |   2224 |     81 |    857 |    525 |   5 |  461.0 |
         Trove |     96 |     96 |      0 |      0 |      0 |   1 |   96.0 |
        Wizlab |    360 |    360 |      0 |      0 |     97 |   1 |  360.0 |
               +--------+--------+--------+--------+--------+-----+--------+

Top non-repeatable levels by time:
   Elf:3: 3028 daAuts
    D:10: 2531 daAuts
Vaults:5: 2447 daAuts
Vaults:2: 2276 daAuts
   Elf:2: 2191 daAuts
Depths:2: 2184 daAuts
Vaults:3: 2121 daAuts
 Crypt:3: 2108 daAuts
  Lair:5: 2040 daAuts
Vaults:1: 2018 daAuts
  Lair:2: 1945 daAuts
    D:11: 1936 daAuts
Depths:4: 1909 daAuts
Spider:2: 1875 daAuts
    D:15: 1845 daAuts

Table legend:
 A = Kills in this place as a percentage of kills in the entire game.
 B = Kills by you in this place as a percentage of kills by you in the entire game.
 C = Kills by friends in this place as a percentage of kills by friends in the entire game.
 D = Other kills in this place as a percentage of other kills in the entire game.
 E = Experience gained in this place as a percentage of experience gained in the entire game.
 F = Experience gained in this place divided by the number of levels of this place that you have seen.
                   A       B       C       D       E      F
               +-------+-------+-------+-------+-------+----------------------
         Total | 100.0 | 100.0 | 100.0 | 100.0 | 100.0 | 23454.5
       Dungeon |  18.4 |  18.0 |  35.4 |   3.8 |   5.2 | 4229.9
          Lair |   8.5 |   8.8 |   0.0 |   3.8 |   4.0 | 9782.8
        Shoals |   7.7 |   7.7 |   9.2 |   3.8 |   6.6 | 19989.0
   Spider Nest |  10.6 |  10.6 |   9.2 |  15.4 |   8.0 | 24397.8
  Orcish Mines |   3.6 |   3.5 |   6.2 |   0.0 |   0.8 | 5007.0
   Elven Halls |   7.5 |   7.3 |   6.2 |  26.9 |   9.2 | 37560.0
        Vaults |  20.6 |  21.1 |   3.1 |  19.2 |  28.4 | 69189.0
         Crypt |   6.9 |   6.3 |  24.6 |  11.5 |   9.8 | 39867.3
        Depths |   9.8 |  10.0 |   4.6 |   7.7 |  16.2 | 49250.5
           Zot |   4.8 |   4.9 |   1.5 |   7.7 |  10.8 | 26291.8
        Wizlab |   1.6 |   1.7 |   0.0 |   0.0 |   1.1 | 13021.0
               +-------+-------+-------+-------+-------+----------------------
